 Dungeon Crawl Stone Soup version 0.31-a0-845-g9abc20d24f (webtiles) character file.

Game seed: 11865907276296775200

2857686 demibob the Conqueror (level 27, 531/531 HPs)
             Began as a Green Draconian Chaos Knight on Oct 2, 2023.
             Was the Champion of Jiyva.
             Escaped with the Orb
             ... and 4 runes on Oct 3, 2023!
             The game lasted 02:37:57 (51835 turns).

demibob the Conqueror (DrCK)                       Turns: 51835, Time: 02:37:57

Health: 531/531    AC: 24    Str: 35    XL:     27
Magic:  23/23      EV: 28    Int: 14    God:    Jiyva [******]
Gold:   4882       SH:  0    Dex: 21    Spells: 26/26 levels left

rFire   . .          .
                       - Unarmed
rCold   + . .        (shield currently unavailable)
rNeg    . . .        (body armour unavailable)
rPois   +            (helmet currently unavailable)
rElec   +            a - melded scarf {repulsion}
rCorr   +            (gloves currently unavailable)
SInv    +            L - melded +0 pair of boots
Will    ++...        g - amulet "Feasauq" {-Cast rElec rC+ Regen+ Str+4}
Stlth   +            V - ring of Elyvilon's Indignation {Fly rElec Int+2 SInv}
HPRegen 3.48/turn    E - +5 ring of evasion
MPRegen 0.68/turn

%: no spellcasting
@: dragon-form, flying, studying 4 skills
A: dragon claw, dragon scales, flying, boosted hp, breathe noxious fumes, AC
+13, giant, unfitting armour, stinger 1, (poison resistance), (cold-blooded),
(fire resistance 3), sense surroundings 1, robust 3, strong 1, (eyeballs 1),
(translucent skin 1), evolution 2, MP-powered wands, (engulf)
0: Orb of Zot
}: 4/15 runes: decaying, serpentine, slimy, silver
a: Breathe Noxious Fumes, Begin Untransformation, Renounce Religion, Oozemancy,
Slimify


You escaped.
You worshipped Jiyva.
Jiyva was exalted by your worship.
You were a fearsome swamp dragon!
You visited 12 branches of the dungeon, and saw 56 of its levels.
You visited the Abyss 2 times.

You collected 8828 gold pieces.
You spent 3946 gold pieces at shops.


Innate Abilities, Weirdness & Mutations

You are a fearsome swamp dragon!
You have a powerful clawing attack.
Your giant scaled body is strong and resilient, but less evasive.
Your breath weapon is enhanced in this form.
You are flying.
Your maximum health is greatly increased.
Your armour is entirely melded.
You are incapable of wielding weapons or throwing items.
You can breathe blasts of noxious fumes.
Your lurid green scales are hard. (AC +13)
You cannot fit into any form of body armour.
Your tail ends in a venomous barb.
((Your system is resistant to poisons. (rPois)))
((You are cold-blooded and may be slowed by cold attacks.))
((Your flesh is almost immune to the effects of heat. (rF+++)))
You passively map a small area around you.
You are extremely robust. (+30% HP)
Your muscles are strong. (Str +4, Int/Dex -1)
((Your body has grown eyes which may confuse attackers. (Acc +3)))
((Your translucent skin slightly reduces your foes' accuracy. (Stealth+)))
You have great hidden genetic potential.
You expend magic power (3 MP) to strengthen your wands.
((Your melee attacks may engulf your foes in ooze.))


   Skills:
 O Level 27 Fighting
 + Level 22.8 Dodging
 O Level 27 Unarmed Combat
 - Level 24.1 Shapeshifting


You had 26 spell levels left.
You didn't know any spells.
Your spell library contained the following spells:

 Spells                   Type           Power      Damage    Failure   Level
 Freeze                   Ice            0%         1d3       28%         1
 Kiss of Death            Conj/Necr      0%         2d5       28%         1
 Shock                    Conj/Air       0%         1d3       28%         1
 Slow                     Hex            0%         N/A       28%         1
 Cigotuvi's Dreadful Rot  Necr/Pois/Air  0%         N/A       41%         2
 Ensorcelled Hibernation  Hex/Ice        0%         N/A       41%         2
 Jinxbite                 Hex            0%         N/A       41%         2
 Static Discharge         Conj/Air       0%         2-2/arc   41%         2
 Call Canine Familiar     Summ           0%         N/A       65%         3
 Confusing Touch          Hex            0%         N/A       65%         3
 Frozen Ramparts          Ice            0%         1d1       65%         3
 Gell's Gravitas          Tloc           0%         N/A       65%         3
 Ignite Poison            Fire/Tmut/Pois 0%         N/A       65%         3
 Sigil of Binding         Hex            0%         N/A       65%         3
 Stone Arrow              Conj/Erth      0%         3d7       65%         3
 Swiftness                Air            0%         N/A       65%         3
 Teleport Other           Tloc           0%         N/A       65%         3
 Vampiric Draining        Necr           0%         2d6       65%         3
 Airstrike                Air            0%         2d(0-16)  96%         4
 Anguish                  Hex/Necr       0%         N/A       96%         4
 Brom's Barrelling Bould  Conj/Erth      0%         2d3       96%         4
 Cause Fear               Hex            0%         N/A       96%         4
 Dimensional Bullseye     Hex/Tloc       0%         N/A       96%         4
 Dispel Undead            Necr           0%         3d6       96%         4
 Leda's Liquefaction      Hex/Erth       0%         N/A       96%         4
 Petrify                  Tmut/Erth      0%         N/A       96%         4
 Summon Lightning Spire   Summ/Air       0%         N/A       96%         4
 Vhi's Electric Charge    Tloc/Air       0%         N/A       96%         4
 Agony                    Necr           0%         N/A       100%        5
 Alistair's Intoxication  Tmut/Pois      0%         N/A       100%        5
 Arcjolt                  Conj/Air       0%         1d10      100%        5
 Borgnjor's Vile Clutch   Necr/Erth      0%         N/A       100%        5
 Fireball                 Conj/Fire      0%         3d3       100%        5
 Freezing Cloud           Conj/Ice/Air   0%         6-21      100%        5
 Iskenderun's Battlesphe  Conj           0%         2d6       100%        5
 Metabolic Englaciation   Hex/Ice        0%         N/A       100%        5
 Summon Forest            Summ/Tloc      0%         N/A       100%        5
 Conjure Ball Lightning   Conj/Air       0%         3x3d6     100%        6
 Death Channel            Necr           0%         N/A       100%        6
 Dispersal                Tloc           0%         N/A       100%        6
 Eringya's Noxious Bog    Tmut/Pois      0%         4d6       100%        6
 Simulacrum               Ice/Necr       0%         N/A       100%        6
 Enfeeble                 Hex            0%         N/A       100%        7
 Haunt                    Necr/Summ      0%         N/A       100%        7
 Orb of Destruction       Conj           0%         9d5       100%        7
 Ozocubu's Refrigeration  Ice            0%         4d7       100%        7
 Summon Hydra             Summ           0%         N/A       100%        7
 Discord                  Hex            0%         N/A       100%        8
 Disjunction              Tloc           0%         N/A       100%        8
 Lehudib's Crystal Spear  Conj/Erth      0%         10d2      100%        8
 Maxwell's Capacitive Co  Air            0%         ∞         100%        8
 Dragon's Call            Summ           0%         N/A       100%        9
 Polar Vortex             Ice            0%         N/A       100%        9
 Animate Armour           Summ/Erth      Unusable   N/A       N/A         4

Inventory:

Missiles
 P - 2 throwing nets {=f}
Armour
 a - a scarf of repulsion (melded)
 o - the +4 pair of gloves "Xizouc" {Dex+2}
   (You acquired it on level 3 of the Depths)

   Dex+2:     It affects your dexterity (+2).
 I - a +0 pair of gloves
 L - a +0 pair of boots (melded)
Jewellery
 g - the amulet "Feasauq" (around neck) {-Cast rElec rC+ Regen+ Str+4}
   (You acquired it on level 10 of the Dungeon)

   [amulet of regeneration]

   Str+4:     It affects your strength (+4).
   rC+:       It protects you from cold.
   rElec:     It insulates you from electricity.
   -Cast:     It prevents spellcasting.
   Regen+:    It increases your rate of health regeneration.
 y - a +4 ring of slaying
 C - a ring of protection from cold
 D - an amulet of faith {!P}
 E - a +5 ring of evasion (right foreclaw)
 G - the ring "Fetid" {Will+ Dex+6}
   (You took it off a death knight on level 11 of the Dungeon)

   [ring of dexterity]

   Dex+6:     It affects your dexterity (+6).
   Will+:     It increases your willpower.
 M - the amulet of Faisiy {Reflect Fragile Regen+ Str+6 SH+5}
   (You acquired it on level 3 of the Depths)

   [amulet of reflection]

   Reflect:   It reflects blocked missile attacks.
   Str+6:     It affects your strength (+6).
   Regen+:    It increases your rate of health regeneration.
   Fragile:   It will be destroyed if unequipped.
   SH+5:      It affects your SH (+5).
 S - a +6 ring of strength
 V - the ring of Elyvilon's Indignation (left foreclaw) {Fly rElec Int+2 SInv}
   (You found it on level 5 of the Pits of Slime)

   [ring of flight]

   Int+2:     It affects your intelligence (+2).
   rElec:     It insulates you from electricity.
   SInv:      It lets you see invisible.
   Fly:       It grants you flight.
 W - a ring of willpower
 Y - a +4 ring of slaying
Talismans
 j - a talisman of death
 x - a dragon-blood talisman (active)
Wands
 b - a wand of mindburst (15)
 f - a wand of acid (23)
 t - a wand of polymorph (20)
 z - a wand of digging (21)
 F - a wand of flame (70)
 K - a wand of paralysis (20)
 O - a wand of iceblast (48)
Scrolls
 h - 2 scrolls of revelation
 m - 6 scrolls of immolation
 q - 2 scrolls of enchant armour
 s - a scroll of butterflies
 u - 4 scrolls of torment
 B - 3 scrolls of amnesia
 T - 4 scrolls of fear
 Z - 2 scrolls of teleportation {@r2}
Potions
 c - a potion of invisibility
 d - 10 potions of lignification
 i - 8 potions of curing {@q1}
 k - 4 potions of brilliance
 l - 3 potions of magic
 n - 9 potions of mutation
 p - 2 potions of berserk rage {!q}
 r - 7 potions of enlightenment
 w - 10 potions of might
 A - 17 potions of ambrosia
 N - 2 potions of heal wounds {@q2}
 Q - 2 potions of haste {@q3}
 R - 3 potions of resistance
 X - 2 potions of cancellation
Miscellaneous
 e - a phial of floods
 H - a box of beasts
 J - a phantom mirror
 U - a lightning rod (4/4)

Dungeon Overview and Level Annotations

Branches:
Dungeon (15/15)            Temple (1/1) D:5            Lair (5/5) D:11
  Swamp (4/4) Lair:2        Snake (4/4) Lair:2        Slime (5/5) Lair:5
    Orc (2/2) D:9             Elf (3/3) Orc:2        Vaults (5/5) D:14
  Crypt (3/3) Vaults:3       Tomb (0/3) Crypt:3      Depths (4/4) D:15
    Zot (5/5) Depths:4

Altars:
Ashenzari
Cheibriados
Dithmenos
Elyvilon
Fedhas
Gozag
Hepliaklqana
Kikubaaqudgha
Makhleb
Nemelex Xobeh
Okawaru
Qazlal
Ru
Sif Muna
Trog
Uskayaw
Vehumet
Wu Jian
Xom
Yredelemnul
Zin
The Shining One
Jiyva

Shops:
D:3 :   D:6 =   D:7 =:(?:=   D:14 =   Orc:1 *   Orc:2 ((*(=   Elf:1 (   Elf:2 *
Snake:2 **=[   Vaults:5 ?   Zot:1 *   Zot:5 *   Depths:3 ?

Portals:
Hell: Depths:1 Depths:2 Depths:3 Depths:4
Abyss: Depths:3 Depths:4
Pandemonium: Depths:2
Ziggurat: Depths:3

Annotations:
Snake:1 1 transporter
Slime:5 Royal Jelly
Orc:1 1 runed translucent door
Elf:2 3 runed translucent doors
Depths:1 3 transporters
Zot:4 1 transporter

########..#...........#####...# #
.....†......▓▓▓▓'▓▓▓▓..## ###.#
.########..▓▓.......▓▓..#####.##
.#........▓▓.▓▓▓▓▓▓▓.▓▓..##....##
.#.##....▓▓.▓▓.....▓▓.▓▓.##.##.##
.#.......▓.▓'.▓▓▓.▓.▓▓...##.##.##
.###.....▓.▓.▓▓...▓▓.▓.▓.##.##..#
.###.....▓.▓.▓.▓▓▓.▓.▓.▓.##.###..
.#.......▓.▓.▓..D▓.▓.▓≈▓.##.####.
.#.##....▓.▓.▓.▓▓▓.▓.▓(▓.##.##...
.#.#.)...▓.▓.▓▓.≈.▓▓.▓.▓.##)##...
.#.#..#..▓.▓▓.▓▓▓▓▓.▓▓.▓.#.......
.#.#..#..▓▓.▓▓...≈.▓▓.▓▓.........
......#...▓▓.▓▓▓▓▓▓▓.▓▓⚑.........
##.##.#.#..▓▓.......▓▓..#........
##.##.#.##..▓▓▓▓▓▓▓▓▓..##........
##.##.#.###...........#.⚑.⚑....†.


There were no monsters in sight!


Message History

An Orb Guardian comes into view.
There is a stone staircase leading up here.
The Orb Guardian closely misses you.
You fly upwards.
There is a stone staircase leading down, spattered with blood here.
What level of the Dungeon? (default 1, ? - help)
There is a stone staircase leading up here.
You fly upwards.
There is a stone staircase leading down here.
There is a stone staircase leading up here.
You fly upwards.
There is a stone staircase leading down here.
A demonspawn corrupter and a shadow demon come into view.
The shadow demon gives a loud, deep croak!
You maul the demonspawn corrupter!!!!
You tail-slap the demonspawn corrupter, but do no damage.
You claw the demonspawn corrupter, but do no damage.
The demonspawn corrupter is severely wounded.
You maul the demonspawn corrupter!!!!
You kill the demonspawn corrupter!
The shadow demon hits you!
You maul the shadow demon!!!!
You kill the shadow demon!
What level of the Dungeon? (default 1, ? - help) You're already here!
HP restored.
There is an open door here.
There is an open door here.
There is a staircase leading out of the dungeon here.
You have escaped!

Skill      XL: |  1  2  3  4  5  6  7  8  9 10 11 12 13 14 15 16 17 18 19 20 21 22 23 24 25 26 27 |
---------------+----------------------------------------------------------------------------------+-----
Unarmed Combat | 4 6 8 9 11 13 15 18 20 21 23 25 27 | 27.0
Shapeshifting  | 3 6 9 11 13 14 15 16 17 19 20 22 24 | 24.1
Fighting       | 6 10 14 17 21 22 24 25 27 | 27.0
Dodging        | 8 10 12 13 15 17 19 22 | 22.8

Action                     |  1- 3 |  4- 6 |  7- 9 | 10-12 | 13-15 | 16-18 | 19-21 | 22-24 | 25-27 || total
---------------------------+-------+-------+-------+-------+-------+-------+-------+-------+-------++-------
  Melee: Unarmed           |   124 |   114 |   219 |   458 |   536 |   811 |   996 |   649 |   888 ||  4795
         Tailslap          |    14 |     8 |    36 |    87 |    91 |   149 |   167 |   120 |   170 ||   842
         Punch             |     2 |     1 |    15 |    48 |    62 |   107 |   143 |   101 |   171 ||   650
         Bite              |       |       |       |       |    51 |   101 |   121 |    84 |   140 ||   497
 Invoke: Oozemancy         |       |       |       |       |       |       |       |     1 |       ||     1
Ability: Breathe Noxious F |       |       |    16 |    33 |    18 |    14 |     4 |     4 |     1 ||    90
         Begin Untransform |       |       |       |     1 |       |       |       |       |     2 ||     3
  Evoke: Wand              |       |     1 |       |     1 |       |       |       |     1 |       ||     3
         Lightning rod     |       |       |       |       |       |     3 |       |       |       ||     3
    Use: Scroll            |     5 |     3 |    10 |     7 |     6 |    18 |     4 |     2 |     7 ||    62
         Potion            |     1 |     1 |     3 |     8 |     4 |     2 |     1 |     8 |     5 ||    33
   Stab: Sleeping          |       |     1 |     1 |     2 |     5 |     5 |    10 |     4 |     6 ||    34
         Confused          |       |       |    11 |    24 |     9 |     8 |     3 |     2 |       ||    57
         Invisible         |       |       |     4 |     3 |       |     6 |       |       |       ||    13
         Distracted        |       |       |       |     3 |     1 |     1 |     2 |     1 |     4 ||    12
         Paralysed         |       |       |       |     2 |       |       |       |       |       ||     2
         Petrified         |       |       |       |       |     2 |       |       |       |       ||     2
         Fleeing           |       |       |       |       |       |     1 |       |       |       ||     1
 Armour: Skin              |    65 |    66 |    97 |   227 |   316 |   507 |   550 |   401 |   698 ||  2927
  Dodge: Dodged            |    72 |    66 |   110 |   189 |   258 |   717 |   753 |   591 |   860 ||  3616
   Form: Beast             |       |       |     1 |       |       |       |       |       |       ||     1
         Dragon            |       |       |       |       |     1 |       |       |       |     1 ||     2
         Death             |       |       |       |       |       |       |       |       |     1 ||     1

Levels and vault maps discovered:
D:1:      evilmike_arrival_rings, layout_basic, minmay_indecisive_spiral
D:2:      layout_loops_ring
D:3:      layout_loops_ring, grunt_temple_overflow_lords_of_destruction,
          serial_shops, shop
D:4:      layout_rooms, hex_tiny, minmay_manual_monstrance
D:5:      layout_basic, ashenzari_conservatory_becter,
          minmay_temple_entry_waves, kennysheep_nub, uniq_blork_the_orc,
          uniq_eustachio
D:6:      layout_loops_cross, nicolae_overflows_in_rows, serial_shops, shop,
          gammafunk_ghost_cemetery
D:7:      layout_gridville, mainiacjoe_overflow_catwalk, serial_shops,
          nicolae_shop_trees, shop, shop, kennysheep_mini_moat,
          nicolae_shop_real_fake_doors, nicolae_shop_vocational
D:8:      layout_basic, lemuel_crystal_altar
D:9:      layout_basic, kiku_gazebo_pond_becter, erik_orc_1, uniq_erica
D:10:     layout_long_grid
D:11:     minmay_the_grid_triangle_9x9_rhombus_thin
          [minmay_the_grid_triangle_9x9_stretched_checkered,
          minmay_the_grid_triangle_9x9_prize_schism,
          minmay_the_grid_triangle_9x9_sprig,
          minmay_the_grid_triangle_9x9_limited_checkers], layout_loops_ring,
          david_lair_shrubbed, uniq_josephine
D:12:     layout_stronghold, gammafunk_ghost_smash
D:13:     layout_basic, gammafunk_ghost_ooze
D:14:     layout_roguey [special_room_bee], david_vaults_5, wad_floor_pattern_2,
          serial_shops, nicolae_shop_tiny_statue_garden, hangedman_stone_soup,
          uniq_kirke
D:15:     hangedman_depths_entry_try_elsewhere_first, layout_basic,
          minmay_diced_spiral
Temple:   nicolae_temple_stand_before_the_council
Lair:1:   layout_roguey, grunt_megastairs_2
Lair:2:   layout_roguey, alex1729_swamp_entry_worm_eleionoma, dummy_snake_entry,
          infiniplex_staircase_pool_2
Lair:3:   layout_cave_pods
Lair:4:   layout_misc_corridors, chequers_serial_rivers_room_a
Lair:5:   hangedman_lair_in_review, layout_regular_city,
          guppyfry_lair_end_dragon, minmay_slime_entry_pillars
Swamp:1:  layout_falls_marsh, serial_swamp_ruin, evilmike_swamp_ruin_house_4,
          evilmike_swamp_ruin_house_2, evilmike_swamp_ruin_house_1, uniq_frances
Swamp:2:  nicolae_swamp_ascending_descending_big, layout_falls_marsh,
          infiniplex_staircase_pool
Swamp:3:  layout_basic_swamp, evilmike_swamp_ruin_rubble_1, swamp_pool3,
          nicolae_swamp_baby_hydras
Swamp:4:  swamp_fiery, layout_basic_swamp, swamp_pool4, hangedman_swamp_cone,
          nicolae_swamp_trees_clearing
Snake:1:  gammafunk_sealed_library, layout_chambers, serial_bayou_shore_b,
          uniq_donald
Snake:2:  layout_misc_corridors, nicolae_snake_single_loop, minmay_shoptagon,
          uniq_mlioglotl
Snake:3:  layout_cave_town, grunt_ministairs_9, uniq_vashnia
Snake:4:  hellmonk_snake_rune_quicksilver_temple, layout_cave_town,
          grunt_megastairs_1
Slime:1:  layout_caves
Slime:2:  layout_caves, basic_altar
Slime:3:  layout_caves
Slime:4:  layout_caves, nicolae_slime_crime_time
Slime:5:  slime_pit_nicolae_jellycorners
Orc:1:    dreamdust_dug_too_deep, layout_caves, minmay_shop_mass
Orc:2:    grunt_orc_tribal_feast, layout_caves, serial_shops,
          nicolae_shop_waterfront, guppyfry_orc_lava_fort, uniq_azrael
Elf:1:    eino_elf_arrival_altar, layout_loops_cross, hangedman_corner_corridor,
          fountainhead, minmay_shop_grid_forest, uniq_jorgrun
Elf:2:    nicolae_elf_blades_splatter_lattice [nicolae_blade_entry_pointy_end],
          layout_geoelf_grid, minmay_shop_star, uniq_asterion
Elf:3:    elf_hall_gauntlet_narrow, layout_onion_city
Vaults:1: v_misc_30, v_rooms_4, nicolae_vaults_octagons, not_door_vault_mu,
          v_pattern_1, v_misc_3, grunt_vaults_hallway_short,
          nicolae_vaults_wine_cellar, nicolae_vaults_double_plus_1,
          nicolae_vaults_closet_pinwheel_4, ontoclasm_vaults_fault,
          layout_vaults_ring, uniq_zenata
Vaults:2: vaults_mumra_hexcomb, vaults_dpeg_encased_lava,
          nicolae_vaults_surprise_closet, nicolae_vaults_frosty_reception,
          v_misc_18, nicolae_vaults_alarming, nicolae_vaults_sealed_display,
          layout_vaults_maze_snakey
Vaults:3: nicolae_vaults_storage_closets_3, minmay_crypt_entry_nasty_monster,
          nicolae_vaults_diamond_2, vaults_room_corners,
          nicolae_vaults_tetromino_Z_1, vaults_mumra_lcd,
          nicolae_vaults_network_quinsquares
          [nicolae_vaults_network_quincunx_subvault,
          nicolae_vaults_network_quincunx_subvault,
          nicolae_vaults_network_quincunx_subvault,
          nicolae_vaults_network_quincunx_subvault], nicolae_vaults_apartment_1,
          nicolae_vaults_ring_of_whatevers, layout_vaults_omnigrid
Vaults:4: vaults_dpeg_doors, v_misc_24, vaults_mumra_chevron_long,
          nicolae_vaults_spaceships, v_misc_13, v_misc_29,
          nicolae_vaults_stand_back, nicolae_vaults_closet_pinwheel_6, v_misc_4,
          nicolae_vaults_bisected_exclaves, nicolae_vaults_storage_room_statues,
          layout_vaults_omnicross, serial_shops, uniq_sojobo
Vaults:5: serial_shops, uniq_saint_roka, uniq_margery, uniq_jory, uniq_xtahua,
          uniq_frederick
Crypt:1:  layout_misc_corridors, special_room [special_room_morgue],
          serial_sigils_hangedman_etch, grunt_crypt_arrival_webbed,
          uniq_bai_suzhen
Crypt:2:  layout_catacombs, uniq_vv, uniq_khufu
Crypt:3:  david_glass_crypt, layout_chaotic_city,
          nicolae_tomb_entry_grand_gallery, roderic_lattice_octagonal_star
Depths:1: layout_gridville, lemuel_round_altar, hell_entry,
          nicolae_eternal_life, nicolae_transporter_circle
Depths:2: cheibrodos_leafed_vault, layout_cave_pools,
          nicolae_twisty_statue_hallways, serial_glass, glass_columns_a,
          glass_columns_a, hell_entry, rand_demon_pan_entry_5,
          kennysheep_decorative_pillar, kennysheep_dice
Depths:3: minmay_strange_plus, layout_long_grid, enter_ziggurat_b,
          minmay_misc_feat_plants, gammafunk_ghost_tricky_traps, serial_shops,
          nicolae_shop_peninsula, grunt_metal_band, abyss_entry
Depths:4: grunt_zot_entry_pinwheel, layout_gridlike, nicolae_wwwww,
          marbit_kobold_abyss_entry, grunt_hell_entry_dis_grunt, drop_trap,
          chequers_serial_rivers_micro_e, uniq_enchantress
Zot:1:    layout_misc_corridors, nicolae_transmutations_shop,
          lemuel_golem_globe, uniq_grunn
Zot:2:    regret_index_qazlal_generations, layout_misc_corridors
Zot:3:    lemuel_firehouse, layout_cathedral_of_symmetry, bh_zot_lava_cross
Zot:4:    layout_cellular_growth, st_stairs_14, grunt_ministairs_5,
          nicolae_diode_basic
Zot:5:    layout_gridlike, nicolae_shop_clearance

Notes
Turn   | Place    | Note
-------+----------+-------------------------------------------
     0 | D:1      | demibob the Draconian Chaos Knight began the quest for the
                  | Orb.
     0 | D:1      | Reached XP level 1. HP: 19/19 MP: 1/1
   224 | D:1      | XOM: divination: detect items
   270 | D:1      | XOM: silly message
   291 | D:1      | Reached XP level 2. HP: 26/26 MP: 2/2
   586 | D:1      | XOM: give mutations
   586 | D:1      | Gained mutation: Your muscles are strong. (Str +4, Int/Dex
                  | -1) [Xom's grace]
   586 | D:1      | Gained mutation: You have hidden genetic potential. [Xom's
                  | grace]
   586 | D:1      | Gained mutation: Your muscles are very strong. (Str +8,
                  | Int/Dex -2) [Xom's grace]
   670 | D:1      | Reached skill level 4 in Unarmed Combat
   713 | D:1      | XOM: scenery: create altars
   988 | D:2      | XOM: god gift: 970 gold pieces
  1000 | D:2      | Reached XP level 3. HP: 31/31 MP: 3/3
  1118 | D:2      | XOM: scenery: create altars
  1145 | D:2      | XOM: destruction
  1146 | D:2      | XOM: 4-stop teleportation journey
  1155 | D:2      | Gained mutation: You have a pair of small antennae on your
                  | head. [hidden potential]
  1786 | D:3      | Reached XP level 4. HP: 26/38 MP: 4/4
  1792 | D:3      | XOM is BORED!
  1792 | D:3      | XOM: polymorph endoplasm -> river rat
  1800 | D:3      | Reached skill level 5 in Unarmed Combat
  1934 | D:3      | Gained mutation: You are strong-willed. (Will+) [hidden
                  | potential]
  1934 | D:3      | Lost mutation: You have hidden genetic potential. [hidden
                  | potential expressed]
  2041 | D:3      | Found Quwitome's Book Shop.
  2097 | D:3      | XOM: scenery: create altars
  2174 | D:3      | XOM: give mutation
  2174 | D:3      | Gained mutation: You sometimes lose your temper in combat.
                  | [Xom's mischief]
  2178 | D:3      | XOM: summons 2 hostile demons
  2210 | D:3      | XOM: cloud trail
  2265 | D:3      | XOM: destruction
  2398 | D:3      | Found a radiant altar of Vehumet.
  2398 | D:3      | Found a burning altar of Makhleb.
  2793 | D:4      | Noticed a scorpion
  2793 | D:4      | Noticed a phantom
  2793 | D:4      | Noticed a scorpion
  2793 | D:4      | XOM: 10-stop teleportation journey
  2794 | D:4      | XOM: god gift: scroll labelled ICOCSU TYPPY {god gift}
  2813 | D:4      | XOM: fog
  2815 | D:4      | Killed a scorpion
  2816 | D:4      | Reached skill level 6 in Unarmed Combat
  2816 | D:4      | Reached XP level 5. HP: 24/45 MP: 5/5
  2936 | D:4      | XOM: summons friendly chaos spawn
  2946 | D:4      | Reached XP level 6. HP: 49/51 MP: 6/6
  3016 | D:4      | Reached skill level 7 in Unarmed Combat
  3112 | D:4      | XOM: divination: magic mapping
  3270 | D:4      | XOM: summons 2 friendly demons
  3280 | D:4      | XOM: summons 6 friendly demons
  3300 | D:4      | Reached skill level 8 in Unarmed Combat
  3300 | D:4      | Your scales start taking on a lurid green colour.
  3300 | D:4      | Reached XP level 7. HP: 57/57 MP: 7/7
  3300 | D:4      | Gained mutation: Your system is resistant to poisons.
                  | (rPois) [Green Draconian growth]
  3512 | D:5      | XOM: stealth player
  3512 | D:5      | Entered Level 5 of the Dungeon
  3558 | D:5      | Found a broken altar of Ashenzari.
  3559 | D:5      | Noticed Eustachio
  3560 | D:5      | XOM: 3-stop teleportation journey
  3588 | D:5      | Found a staircase to the Ecumenical Temple.
  3634 | D:5      | Killed Eustachio
  3635 | D:5      | Reached skill level 9 in Unarmed Combat
  3655 | Temple   | Entered the Ecumenical Temple
  3746 | D:5      | XOM: draining
  3903 | D:5      | XOM: smoke on damage
  3946 | D:5      | XOM: 3-stop teleportation journey
  3956 | D:5      | Noticed Blork the orc
  3964 | D:5      | Killed Blork the orc
  4038 | D:5      | Reached XP level 8. HP: 47/63 MP: 8/8
  4059 | D:5      | XOM: scenery: 1 fountains blood, 2 doors open, 1 doors
                  | close
  4170 | D:5      | Reached skill level 10 in Unarmed Combat
  4204 | D:5      | Identified a scroll of acquirement
  4204 | D:5      | Acquired 855 gold pieces
  4220 | D:5      | XOM: butterfly on damage
  4482 | D:6      | Found Ulukar's Jewellery Boutique.
  4482 | D:6      | XOM: give mutations
  4482 | D:6      | Gained mutation: You are covered in fur. (AC +1) [Xom's
                  | grace]
  4482 | D:6      | Gained mutation: You are resistant to electric shocks.
                  | (rElec) [Xom's grace]
  4538 | D:6      | Reached skill level 1 in Shapeshifting
  4729 | D:6      | Reached skill level 2 in Shapeshifting
  4961 | D:6      | Found a runed translucent gate.
  4962 | D:6      | Found a runed translucent gate.
  4965 | D:6      | Found a runed translucent gate.
  4965 | D:6      | Noticed Barthur98's ghost (novice DrSh)
  4965 | D:6      | Noticed Kurtz's ghost (novice OpFi)
  4977 | D:6      | XOM: smoke on damage
  5184 | D:6      | Reached skill level 11 in Unarmed Combat
  5185 | D:6      | Reached skill level 3 in Shapeshifting
  5223 | D:6      | XOM: enchant monster (good)
  5244 | D:6      | XOM: give mutations
  5244 | D:6      | Gained mutation: You have supernaturally acute eyesight.
                  | (SInv) [Xom's mischief]
  5244 | D:6      | Gained mutation: You are clumsy. (Dex -2) [Xom's mischief]
  5244 | D:6      | Gained mutation: Your spells are a little harder to cast,
                  | but a little more powerful. [Xom's mischief]
  5336 | D:6      | Found a shimmering blue altar of Sif Muna.
  5336 | D:6      | Found a snail-covered altar of Cheibriados.
  5337 | D:6      | Found a blossoming altar of Fedhas.
  5337 | D:6      | Found a sparkling altar of Nemelex Xobeh.
  5338 | D:6      | Found an iron altar of Okawaru.
  5338 | D:6      | Found a glowing golden altar of the Shining One.
  5339 | D:6      | Found a stormy altar of Qazlal.
  5340 | D:6      | Found a hide-covered altar of Uskayaw.
  5340 | D:6      | Found a basalt altar of Yredelemnul.
  5341 | D:6      | Found a white marble altar of Elyvilon.
  5453 | D:6      | Reached XP level 9. HP: 70/70 MP: 9/9
  5539 | D:6      | XOM: divination: detect items
  5556 | D:6      | Killed Barthur98's ghost
  5557 | D:6      | Reached skill level 4 in Shapeshifting
  5560 | D:6      | Killed Kurtz's ghost
  5561 | D:6      | Reached skill level 5 in Shapeshifting
  5621 | D:6      | XOM: torment (36/70 hp)
  5769 | D:7      | XOM: swap monsters
  5787 | D:7      | Reached skill level 12 in Unarmed Combat
  5811 | D:7      | Found Aroo's Magic Scroll Shoppe.
  5869 | D:7      | Found an opulent altar of Gozag.
  6120 | D:7      | Found Hoatoamo's Book Shop.
  6120 | D:7      | XOM: 9-stop teleportation journey
  6154 | D:7      | Bought a manual of Unarmed Combat for 1040 gold pieces
  6208 | D:7      | XOM: give mutations
  6208 | D:7      | Lost mutation: You sometimes lose your temper in combat.
                  | [Xom's grace]
  6208 | D:7      | Gained mutation: You possess an exceptional clarity of
                  | mind. [Xom's grace]
  6208 | D:7      | Gained mutation: You are highly strong-willed. (Will++)
                  | [Xom's grace]
  6208 | D:7      | Gained mutation: Your skin changes colour to match your
                  | surroundings (Stealth+). [Xom's grace]
  6215 | D:7      | Found Qool's Jewellery Shop.
  6218 | D:7      | Bought a dragon-blood talisman for 880 gold pieces
  6346 | D:7      | Found Vyesottu's Antique Weapon Emporium.
  6364 | D:7      | Found Ciamut's Jewellery Shop.
  6464 | D:7      | Found Tacruh Wiph's Vocational Training.
  6609 | D:7      | XOM: god gift: runed golden amulet {god gift}
  6720 | D:7      | XOM: scenery: create altars
  6793 | D:8      | Reached skill level 6 in Shapeshifting
  6945 | D:8      | Found a hazy altar of Hepliaklqana.
  6948 | D:8      | XOM: 3-stop teleportation journey
  6954 | D:8      | Reached skill level 13 in Unarmed Combat
  7050 | D:8      | XOM: give mutations
  7050 | D:8      | Lost mutation: You are covered in fur. (AC +1) [Xom's
                  | mischief]
  7050 | D:8      | Lost mutation: Your muscles are very strong. (Str +8,
                  | Int/Dex -2) [Xom's mischief]
  7586 | D:9      | Noticed Erica
  7604 | D:9      | XOM: 1-stop teleportation journey
  7638 | Abyss:1  | Cast into level 1 of the Abyss (Xom)
  7639 | Abyss:1  | >>as
  7639 | Abyss:1  | >>ass
  7707 | Abyss:1  | Reached XP level 10. HP: 77/77 MP: 10/10
  7713 | Abyss:1  | Noticed an angel
  7714 | Abyss:1  | XOM: noise
  7868 | Abyss:1  | Noticed an orange demon
  7872 | Abyss:1  | XOM: divination: detect items
  7874 | Abyss:1  | Noticed a tentacled starspawn
  7877 | Abyss:1  | Noticed a tentacled starspawn
  7879 | Abyss:1  | Noticed a wretched star
  7935 | Abyss:1  | XOM: swap monsters
  7936 | Abyss:1  | XOM: fog
  7946 | Abyss:1  | Reached skill level 7 in Shapeshifting
  7946 | Abyss:1  | Noticed a demonic crawler
  7954 | Abyss:1  | XOM: scenery: create altars
  7964 | Abyss:1  | Killed a demonic crawler
  7964 | Abyss:1  | XOM: potion effect (invisibility)
  7965 | Abyss:1  | Reached skill level 14 in Unarmed Combat
  7965 | Abyss:1  | XOM: divination: magic mapping
  7971 | Abyss:1  | Noticed a large abomination
  7978 | Abyss:1  | Noticed a large abomination
  7982 | Abyss:1  | Killed a large abomination
  7983 | Abyss:1  | Reached skill level 8 in Shapeshifting
  7985 | D:9      | You pass through the gate.
  7985 | D:9      | Escaped the Abyss
  7991 | D:9      | Killed a large abomination
  7992 | D:9      | Reached skill level 15 in Unarmed Combat
  8066 | D:9      | Found an ancient bone altar of Kikubaaqudgha.
  8066 | D:9      | XOM: 4-stop teleportation journey
  8220 | D:9      | XOM: silly message
  8249 | D:9      | XOM: divination: detect items
  8590 | D:9      | XOM: potion effect (might)
  8695 | D:9      | XOM: potion effect (brilliance)
  8756 | D:9      | XOM: cast spell 'Cause Fear'
  8764 | D:9      | Killed Erica
  8765 | D:9      | Reached skill level 9 in Shapeshifting
  8765 | D:9      | Reached XP level 11. HP: 79/82 MP: 11/11
  8795 | D:9      | Reached skill level 16 in Unarmed Combat
  8904 | D:9      | Found a staircase to the Orcish Mines.
  8906 | D:9      | XOM: noise
  9058 | D:9      | XOM: divination: detect items
  9142 | D:10     | Entered Level 10 of the Dungeon
  9198 | D:10     | XOM: divination: magic mapping
  9199 | D:10     | XOM: silly message
  9431 | D:10     | XOM: divination: magic mapping
  9616 | D:10     | XOM: summons 1 hostile demon
  9679 | D:10     | XOM: give mutations
  9679 | D:10     | Lost mutation: Your skin changes colour to match your
                  | surroundings (Stealth+). [Xom's mischief]
  9679 | D:10     | Gained mutation: Your magical capacity is low. (-10% MP)
                  | [Xom's mischief]
  9679 | D:10     | Gained mutation: You have sharp toenails. [Xom's mischief]
  9679 | D:10     | Lost mutation: You have sharp toenails. [Xom's mischief]
 10161 | D:10     | Acquired the amulet "Feasauq" {-Cast rElec rC+ Regen+
                  | Str+4}
 10163 | D:10     | Acquired a manual of Unarmed Combat
 10375 | D:11     | XOM: summons 1 hostile demon
 10437 | D:11     | Reached skill level 17 in Unarmed Combat
 10442 | D:11     | Reached skill level 10 in Shapeshifting
 10445 | D:11     | XOM: god gift: plate armour {god gift}
 10487 | D:11     | Found a staircase to the Lair.
 10511 | D:11     | XOM: enchant monster (good)
 10554 | D:11     | XOM: destruction
 10643 | D:11     | Noticed a purple ugly thing
 10649 | D:11     | XOM: potion effect (attraction)
 10653 | D:11     | XOM: fog
 10659 | D:11     | Killed a purple ugly thing
 10718 | D:11     | Noticed a boulder beetle
 10722 | D:11     | XOM: enchant monster (bad)
 10726 | D:11     | XOM: stat loss: -1 Dex (18/19)
 10736 | D:11     | Killed a boulder beetle
 10777 | D:11     | Identified a +0 crystal plate armour
 10777 | D:11     | Identified the ring "Fetid" {Will+ Dex+6}
 10777 | D:11     | Noticed a death knight
 10778 | D:11     | >>what
 10787 | D:11     | Killed a death knight
 10788 | D:11     | Reached skill level 18 in Unarmed Combat
 10813 | D:11     | Noticed a deep elf pyromancer
 10878 | D:11     | a cyclops changed into a steelbarb worm
 10878 | D:11     | Noticed a steelbarb worm
 10878 | D:11     | XOM: polymorph cyclops -> steelbarb worm
 10884 | D:11     | Killed a steelbarb worm
 10885 | D:11     | Reached skill level 11 in Shapeshifting
 10906 | D:11     | Noticed Josephine
 10933 | D:11     | Killed a deep elf pyromancer
 10934 | D:11     | Reached XP level 12. HP: 82/89 MP: 10/10
 10952 | D:11     | Killed Josephine
 10953 | D:11     | XOM: summons 6 hostile demons
 10955 | D:11     | XOM: divine lightning
 11181 | D:11     | XOM: give mutation
 11181 | D:11     | Gained mutation: Your tail ends in a venomous barb. [Xom's
                  | grace]
 11256 | Lair:1   | Entered Level 1 of the Lair of Beasts
 11400 | Lair:1   | Reached skill level 19 in Unarmed Combat
 11458 | Lair:1   | XOM: stat loss: -1 Str (28/29)
 11534 | Lair:1   | XOM: cleaving
 11556 | Lair:1   | XOM: scenery: 1 doors open
 11579 | Lair:1   | XOM: divination: magic mapping
 11580 | Lair:1   | XOM: 5-stop teleportation journey
 11596 | Lair:1   | Reached skill level 12 in Shapeshifting
 11635 | Lair:1   | XOM: snakes to sticks
 11674 | Lair:1   | XOM: divination: detect creatures
 11730 | Lair:1   | XOM: 1-stop teleportation journey
 11820 | Lair:1   | XOM: 2-stop teleportation journey
 11932 | Lair:1   | Reached skill level 20 in Unarmed Combat
 12320 | Lair:2   | Found a staircase to the Snake Pit.
 12352 | Lair:2   | Found a staircase to the Swamp.
 12352 | Lair:2   | Noticed an eleionoma
 12474 | Lair:2   | Killed an eleionoma
 12537 | Lair:2   | XOM: 1-stop teleportation journey
 12607 | Lair:2   | XOM: enchant monster (bad)
 12613 | Lair:2   | XOM: blink monster(s)
 12617 | Lair:2   | Reached skill level 13 in Shapeshifting
 12691 | Lair:2   | XOM: god gift: 1082 gold pieces
 12891 | D:7      | Bought a +4 ring of slaying for 1014 gold pieces
 12932 | D:6      | Bought a +5 ring of evasion for 432 gold pieces
 13258 | Lair:2   | XOM: potion effect (berserk rage)
 13266 | Lair:2   | XOM: confuse monster(s)
 13347 | Lair:2   | Reached XP level 13. HP: 79/94 MP: 11/11
 13360 | Lair:2   | XOM: god gift: morningstar {god gift}
 13382 | Lair:2   | XOM: summons 2 friendly demons
 13530 | Lair:2   | XOM: give mutations
 13530 | Lair:2   | Gained mutation: You expend magic power (3 MP) to
                  | strengthen your wands. [Xom's grace]
 13530 | Lair:2   | Gained mutation: You are robust. (+10% HP) [Xom's grace]
 13692 | Lair:3   | XOM: noise
 13815 | Lair:3   | XOM: 5-stop teleportation journey
 13903 | Lair:3   | Identified the +8 hand axe of the Shouting Messenger
                  | {venom, *Slow rF+ Dex+6}
 14191 | Lair:3   | XOM: fake destruction
 14199 | Lair:3   | XOM: divination: detect creatures
 14485 | Lair:3   | Identified a potion of experience
 14486 | Lair:3   | Reached skill level 6 in Fighting
 14486 | Lair:3   | Reached skill level 14 in Shapeshifting
 14486 | Lair:3   | Mutation became permanent: Your tail ends in a venomous
                  | barb. [Green Draconian growth]
 14486 | Lair:3   | Gained mutation: Your tail ends in a venomous barb. [Green
                  | Draconian growth]
 14486 | Lair:3   | Reached XP level 14. HP: 121/121 MP: 12/12
 14575 | Lair:4   | XOM: polymorph bullfrog -> ice beast
 14582 | Lair:4   | XOM: summons 4 friendly demons
 14598 | Lair:4   | Reached skill level 7 in Fighting
 14649 | Lair:4   | Reached skill level 15 in Shapeshifting
 14833 | Lair:4   | Reached skill level 8 in Fighting
 15045 | Lair:4   | XOM: give mutations
 15045 | Lair:4   | Lost mutation: You have a pair of small antennae on your
                  | head. [Xom's mischief]
 15045 | Lair:4   | Lost mutation: You have supernaturally acute eyesight.
                  | (SInv) [Xom's mischief]
 15070 | Lair:4   | XOM: scenery: create altars
 15085 | Lair:4   | XOM: scenery: summon butterflies
 15129 | Lair:4   | XOM: summons 2 hostile shadow creatures
 15227 | Lair:5   | Entered Level 5 of the Lair of Beasts
 15301 | Lair:5   | XOM: cleaving
 15361 | Lair:5   | Reached skill level 9 in Fighting
 15377 | Lair:5   | XOM: give mutations
 15377 | Lair:5   | Lost mutation: You are resistant to electric shocks.
                  | (rElec) [Xom's mischief]
 15377 | Lair:5   | Lost mutation: You are robust. (+10% HP) [Xom's mischief]
 15377 | Lair:5   | Lost mutation: You expend magic power (3 MP) to strengthen
                  | your wands. [Xom's mischief]
 15377 | Lair:5   | Lost mutation: You are clumsy. (Dex -2) [Xom's mischief]
 15562 | Lair:5   | Reached skill level 10 in Fighting
 15595 | Lair:5   | XOM: polymorph steam dragon -> fire bat
 15608 | Lair:5   | Found the +4 consecrated labrys {holy, Valiant Fragile Fly
                  | SInv}
 15615 | Lair:5   | XOM: silly message
 15679 | Abyss:3  | Cast into level 3 of the Abyss (Xom)
 15720 | Abyss:3  | Noticed a tentacled monstrosity
 15727 | Abyss:3  | Killed a tentacled monstrosity
 15763 | Lair:5   | You pass through the gate.
 15763 | Lair:5   | Escaped the Abyss
 15861 | Lair:5   | Reached XP level 15. HP: 128/128 MP: 13/13
 15885 | Lair:5   | Reached skill level 16 in Shapeshifting
 15904 | Lair:5   | Reached skill level 3 in Dodging
 15932 | Lair:5   | XOM: polymorph elephant -> cyclops
 15933 | Lair:5   | XOM: divine lightning
 15969 | Lair:5   | Reached skill level 11 in Fighting
 16028 | Lair:5   | Reached skill level 4 in Dodging
 16140 | Lair:5   | XOM: noise
 16185 | Lair:5   | Identified the +1 whip of Extremism {protect, Fragile rPois
                  | rC+ Str+2}
 16208 | Lair:5   | XOM: give mutations
 16208 | Lair:5   | Lost mutation: You possess an exceptional clarity of mind.
                  | [Xom's mischief]
 16208 | Lair:5   | Gained mutation: You do not regenerate when monsters are
                  | visible. [Xom's mischief]
 16208 | Lair:5   | Lost mutation: Your muscles are strong. (Str +4, Int/Dex
                  | -1) [Xom's mischief]
 16314 | Lair:5   | Reached skill level 5 in Dodging
 16367 | Lair:5   | Found a viscous altar of Jiyva.
 16367 | Lair:5   | Found a staircase to the Slime Pits.
 16372 | Lair:5   | Fell from the grace of Xom
 16372 | Lair:5   | Became a worshipper of Jiyva Jyxae the Shapeless
 16668 | D:12     | XOM: noise
 16721 | D:12     | Found a transporter.
 16724 | D:12     | Noticed HHeCNeOSiFe's ghost (journeyman VSBe)
 16724 | D:12     | Identified the +10 great mace "Killer Klown's Regret"
                  | {heavy, *Noise rN+ Int+2}
 16726 | D:12     | Found a transporter.
 16796 | D:12     | Reached * piety under Jiyva
 16864 | D:12     | Reached skill level 12 in Fighting
 17277 | D:12     | Reached ** piety under Jiyva
 17475 | D:12     | Killed HHeCNeOSiFe's ghost
 17485 | D:12     | >>might die here
 17485 | D:12     | >>rofl
 17490 | D:12     | Reached skill level 6 in Dodging
 17522 | D:12     | XOM: summons 4 hostile shadow creatures
 17684 | Orc:1    | Entered Level 1 of the Orcish Mines
 17696 | Orc:1    | Found Bitsu's Mass Market.
 18005 | Orc:1    | Found a runed translucent door.
 18085 | Orc:2    | Entered Level 2 of the Orcish Mines
 18085 | Orc:2    | Found Dopnefrav's Jewellery Emporium.
 18099 | Orc:2    | Found a staircase to the Elven Halls.
 18175 | Orc:2    | Noticed Azrael
 18194 | Orc:2    | Killed Azrael
 18300 | Orc:2    | Reached skill level 13 in Fighting
 18311 | Orc:2    | Reached *** piety under Jiyva
 18329 | Orc:2    | Reached skill level 7 in Dodging
 18382 | Orc:2    | Lost mutation: Your spells are a little harder to cast, but
                  | a little more powerful. [Jiyva's grace]
 18382 | Orc:2    | Gained mutation: Your melee attacks may engulf your foes in
                  | ooze. [Jiyva's grace]
 18382 | Orc:2    | Gained mutation: Your mind is acute. (Int +4, Str/Dex -1)
                  | [Jiyva's grace]
 18382 | Orc:2    | Gained mutation: Your mind is very acute. (Int +8, Str/Dex
                  | -2) [Jiyva's grace]
 18382 | Orc:2    | Gained mutation: You are agile. (Dex +4, Str/Int -1)
                  | [Jiyva's grace]
 18590 | Orc:2    | Found Voovod's Weapon Boutique.
 18590 | Orc:2    | Found Sozo's Antique Weapon Emporium.
 18644 | Orc:2    | Found Koet Luewoitt's Antique Weapon Boutique.
 18644 | Orc:2    | Found Taess's Assorted Antiques.
 18738 | Orc:2    | Reached skill level 8 in Dodging
 18989 | D:13     | Killed arthad's ghost
 19064 | D:13     | XOM: 3-stop teleportation journey
 19099 | D:13     | Reached **** piety under Jiyva
 19197 | D:13     | XOM: silly message
 19305 | D:13     | Found a runed translucent gate.
 19305 | D:13     | Found a runed translucent gate.
 19305 | D:13     | Noticed an azure jelly
 19305 | D:13     | Noticed an acid blob
 19306 | D:13     | Found a runed translucent gate.
 19306 | D:13     | Noticed an azure jelly
 19306 | D:13     | Noticed an azure jelly
 19306 | D:13     | Noticed an azure jelly
 19307 | D:13     | Noticed an acid blob
 19450 | D:13     | Reached skill level 14 in Fighting
 19450 | D:13     | Reached XP level 16. HP: 146/146 MP: 14/14
 19645 | D:13     | Found a viscous altar of Jiyva.
 19651 | D:13     | Identified 2 potions of resistance
 19686 | D:14     | XOM: noise
 19723 | D:14     | Noticed Kirke
 19736 | D:14     | Killed Kirke
 19927 | D:14     | Found Nigrok's Jewellery Emporium.
 19944 | D:14     | XOM: noise
 19959 | D:14     | Reached skill level 9 in Dodging
 20352 | D:14     | Reached ***** piety under Jiyva
 20383 | D:14     | Lost mutation: You are agile. (Dex +4, Str/Int -1) [Jiyva's
                  | grace]
 20383 | D:14     | Lost mutation: Your magical capacity is low. (-10% MP)
                  | [Jiyva's grace]
 20383 | D:14     | Lost mutation: You do not regenerate when monsters are
                  | visible. [Jiyva's grace]
 20383 | D:14     | Gained mutation: Your translucent skin slightly reduces
                  | your foes' accuracy. (Stealth+) [Jiyva's grace]
 20383 | D:14     | Gained mutation: Your translucent skin reduces your foes'
                  | accuracy. (Stealth+) [Jiyva's grace]
 20383 | D:14     | Gained mutation: Your transparent skin significantly
                  | reduces your foes' accuracy. (Stealth+) [Jiyva's grace]
 20383 | D:14     | Gained mutation: You are covered in fur. (AC +1) [Jiyva's
                  | grace]
 20394 | D:14     | Found a gate to the Vaults.
 20498 | D:15     | Entered Level 15 of the Dungeon
 20547 | D:15     | Reached skill level 15 in Fighting
 20957 | D:15     | Reached skill level 10 in Dodging
 21002 | D:15     | Found a staircase to the Depths.
 21362 | D:14     | XOM: noise
 21526 | Snake:1  | Entered Level 1 of the Snake Pit
 21620 | Snake:1  | XOM: 5-stop teleportation journey
 22158 | Snake:1  | Noticed Donald
 22163 | Snake:1  | Killed Donald
 22164 | Snake:1  | Reached skill level 16 in Fighting
 22175 | Snake:1  | Found a radiant altar of Vehumet.
 22238 | Snake:1  | Found a transporter.
 22303 | Snake:1  | XOM: summons 3 hostile shadow creatures
 22559 | Snake:2  | XOM: noise
 22575 | Snake:2  | Lost mutation: You are highly strong-willed. (Will++)
                  | [Jiyva's grace]
 22575 | Snake:2  | Lost mutation: Your transparent skin significantly reduces
                  | your foes' accuracy. (Stealth+) [Jiyva's grace]
 22575 | Snake:2  | Lost mutation: Your translucent skin reduces your foes'
                  | accuracy. (Stealth+) [Jiyva's grace]
 22575 | Snake:2  | Gained mutation: Your muscles are strong. (Str +4, Int/Dex
                  | -1) [Jiyva's grace]
 22575 | Snake:2  | Gained mutation: Your muscles are very strong. (Str +8,
                  | Int/Dex -2) [Jiyva's grace]
 22575 | Snake:2  | Gained mutation: You are agile. (Dex +4, Str/Int -1)
                  | [Jiyva's grace]
 22575 | Snake:2  | Gained mutation: You are very agile. (Dex +8, Str/Int -2)
                  | [Jiyva's grace]
 22588 | Snake:2  | Found Hobiel's Assorted Antiques.
 22622 | Snake:2  | Found Roriax's Antique Armour Shoppe.
 22622 | Snake:2  | Found Cadiupt's Assorted Antiques.
 22633 | Snake:2  | Found Zerixuko's Jewellery Shoppe.
 22642 | Snake:2  | Bought a scroll of teleportation for 120 gold pieces
 22668 | Snake:2  | You are sucked into a shaft and drop 1 floor!
 22668 | Snake:3  | Reached ****** piety under Jiyva
 22932 | Snake:2  | Noticed Mlioglotl
 22938 | Snake:2  | Killed Mlioglotl
 22939 | Snake:2  | Reached skill level 17 in Fighting
 23118 | Snake:2  | XOM: polymorph jelly -> hound
 23167 | Snake:3  | Noticed Vashnia
 23197 | Snake:3  | Killed Vashnia
 23198 | Snake:3  | Reached XP level 17. HP: 162/162 MP: 17/17
 23428 | Snake:3  | XOM: polymorph jelly -> adder
 23799 | Snake:3  | XOM: summons 1 hostile demon
 24050 | Slime:1  | Entered Level 1 of the Pits of Slime
 24054 | Slime:1  | Noticed an acid blob
 24072 | Slime:5  | Entered Level 5 of the Pits of Slime
 24073 | Slime:5  | Found a viscous altar of Jiyva.
 24076 | Slime:5  | Noticed an acid blob
 24125 | Slime:5  | Identified the ring of Elyvilon's Indignation {Fly rElec
                  | Int+2 SInv}
 24131 | Slime:5  | Got a slimy rune of Zot
 24133 | Slime:5  | Noticed the Royal Jelly
 24227 | Slime:5  | XOM: give mutations
 24227 | Slime:5  | Gained mutation: You have sharp toenails. [Xom's grace]
 24227 | Slime:5  | Gained mutation: Your spells are a little harder to cast,
                  | but a little more powerful. [Xom's grace]
 24227 | Slime:5  | Lost mutation: Your translucent skin slightly reduces your
                  | foes' accuracy. (Stealth+) [Xom's grace]
 24227 | Slime:5  | Gained mutation: Your skin changes colour to match your
                  | surroundings (Stealth+). [Xom's grace]
 24227 | Slime:5  | Gained mutation: You have a pair of small antennae on your
                  | head. [Xom's grace]
 24351 | Slime:5  | Noticed an acid blob
 24371 | Slime:2  | Noticed an acid blob
 24544 | Snake:4  | Entered Level 4 of the Snake Pit
 24553 | Snake:4  | Reached skill level 18 in Fighting
 24565 | Snake:4  | Identified a +2 robe of resistance
 24723 | Snake:4  | Lost mutation: Your spells are a little harder to cast, but
                  | a little more powerful. [Jiyva's grace]
 24723 | Snake:4  | Gained mutation: Your large and strong wings let you fly.
                  | [Jiyva's grace]
 24723 | Snake:4  | Gained mutation: Your tail ends in a sharp venomous barb.
                  | [Jiyva's grace]
 24723 | Snake:4  | Gained mutation: Your tail ends in a wickedly sharp and
                  | venomous barb. [Jiyva's grace]
 24723 | Snake:4  | Gained mutation: You expend magic power (3 MP) to
                  | strengthen your wands. [Jiyva's grace]
 24772 | Snake:4  | XOM: stat loss: -1 Int (15/16)
 24843 | Snake:4  | XOM: torment (126/249 hp)
 24896 | Snake:4  | Noticed a quicksilver dragon
 24902 | Snake:4  | Killed a quicksilver dragon
 24922 | Snake:4  | Got a serpentine rune of Zot
 24942 | Snake:4  | Reached skill level 19 in Fighting
 25047 | Snake:4  | XOM: chaos upgrade
 25072 | Snake:3  | XOM: stat loss: -1 Str (33/34)
 25170 | Snake:3  | Was forgiven by Xom
 26148 | Vaults:1 | Entered Level 1 of the Vaults
 26158 | Vaults:1 | Reached skill level 20 in Fighting
 26301 | Vaults:1 | Found a huge runed gate.
 26301 | Vaults:1 | Found a huge runed gate.
 26301 | Vaults:1 | Found a huge runed gate.
 26301 | Vaults:1 | Found a huge runed gate.
 26301 | Vaults:1 | Found a huge runed gate.
 26301 | Vaults:1 | Found a huge runed gate.
 26302 | Vaults:1 | Found a huge runed gate.
 26303 | Vaults:1 | Found a huge runed gate.
 26304 | Vaults:1 | Found a huge runed gate.
 26305 | Vaults:1 | Found a huge runed gate.
 26311 | Vaults:1 | Found a huge runed gate.
 26311 | Vaults:1 | Found a huge runed gate.
 26311 | Vaults:1 | Found a huge runed gate.
 26311 | Vaults:1 | Found a huge runed gate.
 26311 | Vaults:1 | Found a huge runed gate.
 26311 | Vaults:1 | Found a huge runed gate.
 26312 | Vaults:1 | Found a huge runed gate.
 26313 | Vaults:1 | Found a huge runed gate.
 26314 | Vaults:1 | Found a huge runed gate.
 26322 | Vaults:1 | Found a huge runed gate.
 26322 | Vaults:1 | Found a huge runed gate.
 26322 | Vaults:1 | Found a huge runed gate.
 26322 | Vaults:1 | Found a huge runed gate.
 26322 | Vaults:1 | Found a huge runed gate.
 26322 | Vaults:1 | Found a huge runed gate.
 26323 | Vaults:1 | Found a huge runed gate.
 26324 | Vaults:1 | Found a huge runed gate.
 26325 | Vaults:1 | Found a huge runed gate.
 26338 | Vaults:1 | Found a huge runed gate.
 26338 | Vaults:1 | Found a huge runed gate.
 26338 | Vaults:1 | Found a huge runed gate.
 26338 | Vaults:1 | Found a huge runed gate.
 26338 | Vaults:1 | Found a huge runed gate.
 26338 | Vaults:1 | Found a huge runed gate.
 26339 | Vaults:1 | Found a huge runed gate.
 26340 | Vaults:1 | Found a huge runed gate.
 26474 | Vaults:1 | Reached skill level 21 in Fighting
 26524 | Vaults:1 | Reached XP level 18. HP: 182/182 MP: 18/18
 26652 | Vaults:1 | Noticed Zenata
 26657 | Vaults:1 | Killed Zenata
 26738 | Vaults:1 | Lost mutation: You have a pair of small antennae on your
                  | head. [Jiyva's grace]
 26738 | Vaults:1 | Lost mutation: Your tail ends in a wickedly sharp and
                  | venomous barb. [Jiyva's grace]
 26738 | Vaults:1 | Lost mutation: You are strong-willed. (Will+) [Jiyva's
                  | grace]
 26738 | Vaults:1 | Lost mutation: Your muscles are very strong. (Str +8,
                  | Int/Dex -2) [Jiyva's grace]
 26738 | Vaults:1 | Lost mutation: Your muscles are strong. (Str +4, Int/Dex
                  | -1) [Jiyva's grace]
 26738 | Vaults:1 | Gained mutation: Your body has grown eyes which may confuse
                  | attackers. (Acc +3) [Jiyva's grace]
 26738 | Vaults:1 | Gained mutation: Your body has grown many eyes which may
                  | confuse attackers. (Acc +5) [Jiyva's grace]
 26738 | Vaults:1 | Gained mutation: Your body is covered in eyes which may
                  | confuse attackers. (Acc +7, SInv) [Jiyva's grace]
 26738 | Vaults:1 | Gained mutation: You have a pair of small antennae on your
                  | head. [Jiyva's grace]
 27254 | Vaults:1 | Reached skill level 22 in Fighting
 27554 | Vaults:2 | Reached skill level 11 in Dodging
 28365 | Vaults:3 | Lost mutation: You are very agile. (Dex +8, Str/Int -2)
                  | [Jiyva's grace]
 28365 | Vaults:3 | Lost mutation: Your mind is very acute. (Int +8, Str/Dex
                  | -2) [Jiyva's grace]
 28365 | Vaults:3 | Gained mutation: Your mind is very acute. (Int +8, Str/Dex
                  | -2) [Jiyva's grace]
 28365 | Vaults:3 | Gained mutation: You are very agile. (Dex +8, Str/Int -2)
                  | [Jiyva's grace]
 28365 | Vaults:3 | Gained mutation: You have razor-sharp toenails. [Jiyva's
                  | grace]
 28365 | Vaults:3 | Gained mutation: You have claws for feet. [Jiyva's grace]
 28474 | Vaults:3 | Reached skill level 21 in Unarmed Combat
 28551 | Vaults:3 | You are sucked into a shaft and drop 1 floor!
 28616 | Vaults:4 | Noticed Sojobo
 28644 | Vaults:4 | Paralysed by an air elemental for 1 turns
 28688 | Vaults:4 | Reached skill level 12 in Dodging
 28760 | Vaults:4 | Reached XP level 19. HP: 193/193 MP: 19/19
 28792 | Vaults:4 | Identified the +0 scale mail of Zin, Cursing {-Tele rC++
                  | Int+7}
 28906 | Vaults:4 | Reached skill level 23 in Fighting
 29112 | Vaults:4 | Killed Sojobo
 29476 | Vaults:3 | Noticed a bone dragon
 29487 | Vaults:3 | Killed a bone dragon
 29916 | Vaults:3 | Lost mutation: Your large and strong wings let you fly.
                  | [Jiyva's grace]
 29916 | Vaults:3 | Lost mutation: Your tail ends in a sharp venomous barb.
                  | [Jiyva's grace]
 29916 | Vaults:3 | Lost mutation: You have claws for feet. [Jiyva's grace]
 29916 | Vaults:3 | Lost mutation: You are very agile. (Dex +8, Str/Int -2)
                  | [Jiyva's grace]
 29916 | Vaults:3 | Lost mutation: Your mind is very acute. (Int +8, Str/Dex
                  | -2) [Jiyva's grace]
 29916 | Vaults:3 | Lost mutation: Your body is covered in eyes which may
                  | confuse attackers. (Acc +7, SInv) [Jiyva's grace]
 29916 | Vaults:3 | Lost mutation: Your body has grown many eyes which may
                  | confuse attackers. (Acc +5) [Jiyva's grace]
 29916 | Vaults:3 | Lost mutation: Your skin changes colour to match your
                  | surroundings (Stealth+). [Jiyva's grace]
 29916 | Vaults:3 | Gained mutation: Your translucent skin slightly reduces
                  | your foes' accuracy. (Stealth+) [Jiyva's grace]
 29916 | Vaults:3 | Gained mutation: Your translucent skin reduces your foes'
                  | accuracy. (Stealth+) [Jiyva's grace]
 29916 | Vaults:3 | Gained mutation: Your transparent skin significantly
                  | reduces your foes' accuracy. (Stealth+) [Jiyva's grace]
 29916 | Vaults:3 | Gained mutation: You have acidic saliva. [Jiyva's grace]
 30042 | Vaults:3 | Found a staircase to the Crypt.
 30862 | Swamp:1  | Entered Level 1 of the Swamp
 30862 | Swamp:1  | Noticed Frances
 30873 | Swamp:1  | Killed Frances
 31127 | Swamp:1  | Reached skill level 17 in Shapeshifting
 31384 | Swamp:2  | Reached skill level 24 in Fighting
 31790 | Swamp:3  | Lost mutation: You are agile. (Dex +4, Str/Int -1) [Jiyva's
                  | grace]
 31790 | Swamp:3  | Lost mutation: Your mind is acute. (Int +4, Str/Dex -1)
                  | [Jiyva's grace]
 31790 | Swamp:3  | Lost mutation: You are covered in fur. (AC +1) [Jiyva's
                  | grace]
 31790 | Swamp:3  | Gained mutation: Armour fits poorly on your pseudopods.
                  | [Jiyva's grace]
 31790 | Swamp:3  | Gained mutation: Armour fits poorly on your large
                  | pseudopods. [Jiyva's grace]
 31790 | Swamp:3  | Gained mutation: Armour fits poorly on your massive
                  | pseudopods. [Jiyva's grace]
 31790 | Swamp:3  | Gained mutation: You passively dampen the noise of your
                  | surroundings. [Jiyva's grace]
 32108 | Swamp:4  | Entered Level 4 of the Swamp
 32337 | Swamp:4  | Reached XP level 20. HP: 207/207 MP: 20/20
 32466 | Swamp:4  | Reached skill level 18 in Shapeshifting
 32478 | Swamp:4  | Got a decaying rune of Zot
 32942 | Elf:1    | Entered Level 1 of the Elven Halls
 32960 | Elf:1    | Found a radiant altar of Vehumet.
 33026 | Elf:1    | Lost mutation: You have razor-sharp toenails. [Jiyva's
                  | grace]
 33026 | Elf:1    | Lost mutation: You have sharp toenails. [Jiyva's grace]
 33026 | Elf:1    | Lost mutation: Your body has grown eyes which may confuse
                  | attackers. (Acc +3) [Jiyva's grace]
 33026 | Elf:1    | Gained mutation: Your muscles are strong. (Str +4, Int/Dex
                  | -1) [Jiyva's grace]
 33026 | Elf:1    | Gained mutation: Your muscles are very strong. (Str +8,
                  | Int/Dex -2) [Jiyva's grace]
 33026 | Elf:1    | Gained mutation: Your tail ends in a sharp venomous barb.
                  | [Jiyva's grace]
 33026 | Elf:1    | Gained mutation: Your tail ends in a wickedly sharp and
                  | venomous barb. [Jiyva's grace]
 33146 | Elf:1    | Reached skill level 25 in Fighting
 33193 | Elf:1    | You are sucked into a shaft and drop 1 floor!
 33207 | Elf:2    | Found Zerudit's Assorted Antiques.
 33224 | Elf:2    | Identified the ring "Boumn" {Fire rPois rN+ Str-5 Int+6}
 33457 | Elf:2    | Found a runed translucent gate.
 33457 | Elf:2    | Found a runed translucent gate.
 33468 | Elf:2    | Found a runed translucent gate.
 33864 | Elf:1    | Noticed Jorgrun
 33869 | Elf:1    | Killed Jorgrun
 33954 | Elf:1    | Found Mufot's Antique Weapon Emporium.
 34490 | Elf:3    | Entered Level 3 of the Elven Halls
 34842 | Elf:3    | Reached skill level 19 in Shapeshifting
 34864 | Elf:3    | Identified the +7 ring mail of the Eight Lies {rCorr}
 34866 | Elf:3    | Identified the +8 sling of Gloom {antimagic, rElec Int-5
                  | Dex+4 SInv}
 34954 | Elf:3    | Identified the +3 eveningstar "Beetle's Peril" {flame,
                  | rPois rC+ Dex+5}
 34954 | Elf:3    | Identified the +7 mace of Fyptomp {venom, rN+ Int-2 Dex+5}
 34975 | Elf:3    | HP: 35/477 [deep elf annihilator/poison arrow (17)]
 34980 | Elf:3    | HP: 29/477 [poisoned by a deep elf annihilator (poison
                  | arrow)]
 34985 | Elf:3    | HP: 26/318 [poisoned by a deep elf annihilator (poison
                  | arrow)]
 35022 | Elf:3    | Identified the +1 cloak of True Grit {Rampage Str-4 Int+9
                  | Dex-4}
 35039 | Elf:3    | Identified the +1 scale mail of Honesty {Int+5}
 35128 | Elf:3    | Identified the +5 orcbow of Zaext {speed, *Corrode rF+++
                  | Str-3 SInv}
 36112 | Crypt:1  | Entered Level 1 of the Crypt
 36174 | Crypt:1  | Reached XP level 21. HP: 207/207 MP: 21/21
 36237 | Crypt:1  | Lost mutation: Your muscles are very strong. (Str +8,
                  | Int/Dex -2) [Jiyva's grace]
 36237 | Crypt:1  | Lost mutation: You have acidic saliva. [Jiyva's grace]
 36237 | Crypt:1  | Lost mutation: Armour fits poorly on your massive
                  | pseudopods. [Jiyva's grace]
 36237 | Crypt:1  | Lost mutation: Your transparent skin significantly reduces
                  | your foes' accuracy. (Stealth+) [Jiyva's grace]
 36237 | Crypt:1  | Lost mutation: Your translucent skin reduces your foes'
                  | accuracy. (Stealth+) [Jiyva's grace]
 36237 | Crypt:1  | Lost mutation: You passively dampen the noise of your
                  | surroundings. [Jiyva's grace]
 36237 | Crypt:1  | Gained mutation: You are somewhat resistant to further
                  | mutation. [Jiyva's grace]
 36237 | Crypt:1  | Gained mutation: You are somewhat resistant to both further
                  | mutation and mutation removal. [Jiyva's grace]
 36237 | Crypt:1  | Gained mutation: You are almost entirely resistant to
                  | further mutation and mutation removal. [Jiyva's grace]
 36237 | Crypt:1  | Gained mutation: You have a somewhat thin skeletal
                  | structure. (Dex +2, Stealth+) [Jiyva's grace]
 36260 | Crypt:1  | Noticed Bai Suzhen
 36271 | Crypt:1  | Killed Bai Suzhen
 36272 | Crypt:1  | Reached skill level 26 in Fighting
 36574 | Crypt:1  | Got a shiny book
 37010 | Crypt:2  | Noticed Vv
 37153 | Crypt:2  | Noticed Khufu
 37185 | Crypt:2  | Killed Vv
 37245 | Crypt:2  | Noticed a royal mummy
 37354 | Crypt:2  | Noticed a royal mummy
 37368 | Crypt:1  | Killed Khufu
 37369 | Crypt:1  | Reached skill level 20 in Shapeshifting
 37422 | Crypt:1  | Killed a royal mummy
 37481 | Crypt:2  | Killed a royal mummy
 37873 | Crypt:2  | Noticed a curse skull
 37876 | Crypt:2  | Killed a curse skull
 38107 | Crypt:3  | Entered Level 3 of the Crypt
 38201 | Crypt:3  | Reached skill level 27 in Fighting
 38387 | Crypt:3  | Noticed a curse toe
 38420 | Crypt:3  | Killed a curse toe
 38474 | Crypt:3  | Lost mutation: Your tail ends in a wickedly sharp and
                  | venomous barb. [Jiyva's grace]
 38474 | Crypt:3  | Lost mutation: Armour fits poorly on your large pseudopods.
                  | [Jiyva's grace]
 38474 | Crypt:3  | Lost mutation: Your translucent skin slightly reduces your
                  | foes' accuracy. (Stealth+) [Jiyva's grace]
 38474 | Crypt:3  | Gained mutation: Your body has grown eyes which may confuse
                  | attackers. (Acc +3) [Jiyva's grace]
 38474 | Crypt:3  | Gained mutation: Your body has grown many eyes which may
                  | confuse attackers. (Acc +5) [Jiyva's grace]
 38474 | Crypt:3  | Gained mutation: Your body is covered in eyes which may
                  | confuse attackers. (Acc +7, SInv) [Jiyva's grace]
 38474 | Crypt:3  | Gained mutation: Your rubbery body absorbs attacks. (AC +1,
                  | EV +1) [Jiyva's grace]
 38474 | Crypt:3  | Found the +11 plutonium sword {Contam Stlth-}
 38757 | Crypt:3  | Found a staircase to the Tomb.
 38842 | Crypt:3  | Reached skill level 13 in Dodging
 39015 | Crypt:3  | Found the +7 great mace "Undeadhunter" {deathbane, rN+}
 39016 | Crypt:3  | Noticed an ancient lich
 39016 | Crypt:3  | Noticed a dread lich
 39053 | Crypt:3  | Reached XP level 22. HP: 233/233 MP: 22/22
 39098 | Crypt:3  | Killed a dread lich
 39210 | Crypt:3  | Killed an ancient lich
 39211 | Crypt:3  | Reached skill level 21 in Shapeshifting
 39211 | Crypt:3  | Identified the +1 scale mail of Philately {Harm rF- Str+3}
 39235 | Crypt:3  | Got a curling book
 39468 | Vaults:5 | Entered Level 5 of the Vaults
 39468 | Vaults:5 | Noticed a golden dragon
 39525 | Vaults:5 | Noticed Frederick
 39631 | Vaults:5 | Reached skill level 14 in Dodging
 39638 | Vaults:4 | Killed a golden dragon
 39945 | Vaults:5 | Noticed a dread lich
 39972 | Vaults:4 | Killed a dread lich
 40065 | Vaults:5 | Noticed Saint Roka
 40189 | Vaults:5 | Identified the +1 hand axe of Zibrego {drain, rF+ rC- MP+9
                  | Stlth+}
 40386 | Vaults:5 | Identified the +10 scimitar of Xeifofut {freeze, rPois rN+}
 40401 | Vaults:5 | Killed a golden dragon
 40417 | Vaults:5 | Killed Saint Roka
 40450 | Vaults:5 | Reached skill level 15 in Dodging
 40506 | Vaults:5 | Reached skill level 22 in Shapeshifting
 40593 | Vaults:5 | Found Cuxatz's Magic Scroll Shop.
 40612 | Vaults:5 | Bought a scroll of fog for 76 gold pieces
 40612 | Vaults:5 | Bought a scroll of fear for 76 gold pieces
 40659 | Vaults:5 | Killed Frederick
 40720 | Vaults:5 | Noticed Xtahua
 40727 | Vaults:5 | Killed Xtahua
 40809 | Vaults:5 | Identified the +2 scimitar of Potsuud {flame, rPois Str+5}
 40846 | Vaults:5 | Identified a +0 buckler of resistance
 40953 | Vaults:5 | Noticed Jory
 40963 | Vaults:5 | Killed Jory
 40964 | Vaults:5 | Reached XP level 23. HP: 240/240 MP: 23/23
 41001 | Vaults:5 | Identified the amulet of Kinne {RegenMP Int+3}
 41001 | Vaults:5 | Noticed Margery
 41003 | Vaults:5 | Identified the +5 great mace of Ash {drain, rPois rF+
                  | Dex+2}
 41004 | Vaults:5 | Identified the ring "Usiub" {Fire Int+5}
 41024 | Vaults:5 | Killed Margery
 41102 | Vaults:5 | Reached skill level 16 in Dodging
 41197 | Vaults:5 | Got a silver rune of Zot
 41616 | Vaults:5 | Identified the orb "Koxenock" {*Rage, rF- Regen+ Int+9}
 41621 | Vaults:5 | Got a worn book
 41662 | Vaults:5 | Identified the staff "Amupef" {Contam Will+ Int+2 Conj}
 41966 | Depths:1 | Entered Level 1 of the Depths
 42025 | Depths:1 | Found a gateway to Hell.
 42288 | Depths:1 | Reached skill level 22 in Unarmed Combat
 42381 | Depths:1 | Found a stormy altar of Qazlal.
 42508 | Depths:1 | Found a transporter.
 42509 | Depths:1 | Found a transporter.
 42556 | Depths:1 | Found a transporter.
 42580 | Depths:1 | Lost mutation: Your body is covered in eyes which may
                  | confuse attackers. (Acc +7, SInv) [Jiyva's grace]
 42580 | Depths:1 | Lost mutation: Your rubbery body absorbs attacks. (AC +1,
                  | EV +1) [Jiyva's grace]
 42580 | Depths:1 | Gained mutation: You passively map a small area around you.
                  | [Jiyva's grace]
 42580 | Depths:1 | Gained mutation: You passively map the area around you.
                  | [Jiyva's grace]
 42580 | Depths:1 | Gained mutation: You passively map a large area around you.
                  | [Jiyva's grace]
 42580 | Depths:1 | Gained mutation: You are agile. (Dex +4, Str/Int -1)
                  | [Jiyva's grace]
 42599 | Depths:1 | Found a transporter.
 43198 | Depths:2 | Reached skill level 17 in Dodging
 43288 | Depths:2 | Found a one-way gate leading to the halls of Pandemonium.
 43933 | Depths:3 | Reached skill level 23 in Unarmed Combat
 43966 | Depths:3 | Identified the +2 pair of boots of Buvymoi {Rampage Str+2}
 44201 | Depths:3 | Found a runed translucent gate.
 44202 | Depths:3 | Found a runed translucent gate.
 44203 | Depths:3 | Found a runed translucent gate.
 44204 | Depths:3 | Noticed Biwanos's ghost (adept MiFi)
 44206 | Depths:3 | Identified the +1 ring mail of Dawn {rF++ Int+4}
 44212 | Depths:3 | Found Naefool's Magic Scroll Shoppe.
 44228 | Depths:3 | Reached XP level 24. HP: 249/249 MP: 23/23
 44230 | Depths:3 | Killed Biwanos's ghost
 44256 | Depths:3 | Identified the -1 helmet of Xoabuyh {Dex+5}
 44258 | Depths:3 | Reached XP level 25. HP: 251/251 MP: 23/23
 44286 | Depths:3 | Bought a scroll of teleportation for 60 gold pieces
 44286 | Depths:3 | Bought 2 scrolls of teleportation for 120 gold pieces
 44286 | Depths:3 | Acquired a manual of Evocations
 44288 | Depths:3 | Acquired the amulet of Faisiy {Reflect Fragile Regen+ Str+6
                  | SH+5}
 44289 | Depths:3 | Acquired the +4 pair of gloves "Xizouc" {Dex+2}
 44399 | Depths:3 | Found a one-way gateway to a ziggurat.
 44407 | Depths:3 | Found a one-way gate to the infinite horrors of the Abyss.
 44552 | Depths:3 | Lost mutation: You are agile. (Dex +4, Str/Int -1) [Jiyva's
                  | grace]
 44552 | Depths:3 | Lost mutation: You are almost entirely resistant to further
                  | mutation and mutation removal. [Jiyva's grace]
 44552 | Depths:3 | Lost mutation: Your melee attacks may engulf your foes in
                  | ooze. [Jiyva's grace]
 44552 | Depths:3 | Gained mutation: Your melee attacks may engulf your foes in
                  | ooze. [Jiyva's grace]
 44552 | Depths:3 | Gained mutation: Your translucent skin slightly reduces
                  | your foes' accuracy. (Stealth+) [Jiyva's grace]
 44552 | Depths:3 | Gained mutation: Your translucent skin reduces your foes'
                  | accuracy. (Stealth+) [Jiyva's grace]
 44552 | Depths:3 | Gained mutation: Your transparent skin significantly
                  | reduces your foes' accuracy. (Stealth+) [Jiyva's grace]
 44580 | Depths:3 | Identified the +1 scale mail of Impressiveness {-Cast +Inv
                  | Str+8 Stlth-}
 44687 | Depths:4 | Entered Level 4 of the Depths
 44924 | Depths:4 | Noticed the Enchantress
 44931 | Depths:4 | Killed the Enchantress
 44959 | Depths:4 | Reached skill level 24 in Unarmed Combat
 44969 | Depths:4 | Reached skill level 23 in Shapeshifting
 45560 | Depths:4 | Found a gate to the Realm of Zot.
 46010 | Zot:1    | Entered Level 1 of the Realm of Zot
 46010 | Zot:1    | Noticed an electric golem
 46010 | Zot:1    | Noticed an electric golem
 46010 | Zot:1    | Noticed an electric golem
 46021 | Depths:4 | Killed an electric golem
 46025 | Depths:4 | Killed an electric golem
 46067 | Depths:4 | Killed an electric golem
 46185 | Zot:1    | Noticed Grunn
 46257 | Zot:1    | Killed Grunn
 46416 | Zot:1    | Reached skill level 25 in Unarmed Combat
 46521 | Zot:1    | Found Erochuva's Changing Room.
 46568 | Zot:1    | Bought a potion of mutation for 128 gold pieces
 46647 | Zot:1    | Reached skill level 24 in Shapeshifting
 46920 | Zot:2    | Noticed an electric golem
 46931 | Zot:2    | Killed an electric golem
 47005 | Zot:2    | Reached XP level 26. HP: 266/266 MP: 23/23
 47461 | Zot:2    | Noticed an ancient lich
 47463 | Zot:2    | Killed an ancient lich
 47508 | Zot:2    | Found a stormy altar of Qazlal.
 47839 | Zot:3    | Reached skill level 18 in Dodging
 47860 | Zot:3    | Noticed an orb of fire
 47869 | Zot:3    | Killed an orb of fire
 47906 | Zot:3    | Lost mutation: You passively map a large area around you.
                  | [Jiyva's grace]
 47906 | Zot:3    | Lost mutation: You passively map the area around you.
                  | [Jiyva's grace]
 47906 | Zot:3    | Lost mutation: Your body has grown many eyes which may
                  | confuse attackers. (Acc +5) [Jiyva's grace]
 47906 | Zot:3    | Lost mutation: Armour fits poorly on your pseudopods.
                  | [Jiyva's grace]
 47906 | Zot:3    | Gained mutation: Your flesh is heat resistant. (rF+)
                  | [Jiyva's grace]
 47906 | Zot:3    | Gained mutation: Your flesh is very heat resistant. (rF++)
                  | [Jiyva's grace]
 47906 | Zot:3    | Gained mutation: Your flesh is almost immune to the effects
                  | of heat. (rF+++) [Jiyva's grace]
 47906 | Zot:3    | Gained mutation: You are robust. (+10% HP) [Jiyva's grace]
 47928 | Zot:3    | Reached skill level 26 in Unarmed Combat
 48090 | Zot:3    | Noticed an orb of fire
 48096 | Zot:3    | Killed an orb of fire
 49129 | Zot:4    | Reached skill level 19 in Dodging
 49636 | Zot:4    | Found a transporter.
 49691 | Zot:4    | Noticed a curse toe
 49707 | Zot:4    | Killed a curse toe
 49945 | Zot:5    | Entered Level 5 of the Realm of Zot
 49983 | Zot:5    | Reached skill level 27 in Unarmed Combat
 50123 | Zot:5    | Reached XP level 27. HP: 300/300 MP: 23/23
 50169 | Zot:5    | Reached skill level 20 in Dodging
 50205 | Zot:5    | Found Ceki's CLEARANCE SALE!.
 50297 | Zot:5    | Lost mutation: You have a pair of small antennae on your
                  | head. [Jiyva's grace]
 50297 | Zot:5    | Lost mutation: Your tail ends in a sharp venomous barb.
                  | [Jiyva's grace]
 50297 | Zot:5    | Lost mutation: You have a somewhat thin skeletal structure.
                  | (Dex +2, Stealth+) [Jiyva's grace]
 50297 | Zot:5    | Lost mutation: Your transparent skin significantly reduces
                  | your foes' accuracy. (Stealth+) [Jiyva's grace]
 50297 | Zot:5    | Lost mutation: Your translucent skin reduces your foes'
                  | accuracy. (Stealth+) [Jiyva's grace]
 50297 | Zot:5    | Gained mutation: You are very robust. (+20% HP) [Jiyva's
                  | grace]
 50297 | Zot:5    | Gained mutation: You are extremely robust. (+30% HP)
                  | [Jiyva's grace]
 50297 | Zot:5    | Lost mutation: You are somewhat resistant to both further
                  | mutation and mutation removal. [Jiyva's grace]
 50297 | Zot:5    | Lost mutation: You are somewhat resistant to further
                  | mutation. [Jiyva's grace]
 50297 | Zot:5    | Gained mutation: You have hidden genetic potential.
                  | [Jiyva's grace]
 50297 | Zot:5    | Gained mutation: You have great hidden genetic potential.
                  | [Jiyva's grace]
 50335 | Zot:5    | Noticed an ancient lich
 50338 | Zot:5    | Killed an ancient lich
 50369 | Zot:5    | Noticed a dread lich
 50376 | Zot:5    | Killed a dread lich
 50672 | Zot:5    | Reached skill level 21 in Dodging
 50688 | Zot:5    | Noticed an electric golem
 50692 | Zot:5    | Noticed an orb of fire
 50706 | Zot:5    | Killed an orb of fire
 50711 | Zot:5    | Killed an electric golem
 50714 | Zot:5    | Noticed an electric golem
 50723 | Zot:5    | Killed an electric golem
 50773 | Zot:5    | Reached skill level 22 in Dodging
 50773 | Zot:5    | Noticed an orb of fire
 50780 | Zot:5    | Killed an orb of fire
 50792 | Zot:5    | Noticed a dread lich
 50801 | Zot:5    | Killed a dread lich
 50802 | Zot:5    | Noticed an ancient lich
 50805 | Zot:5    | Noticed an ancient lich
 50808 | Zot:5    | Killed an ancient lich
 50814 | Zot:5    | Killed an ancient lich
 51132 | Zot:5    | Got the Orb of Zot
 51159 | Zot:5    | Noticed Naviot the pandemonium lord
 51835 | D:$      | Escaped with the Orb!

Vanquished Creatures
  4 dread liches
  4 orbs of fire
  Khufu (Crypt:1)
  5 ancient liches
  2 royal mummies
  Vv (Crypt:2)
  Sojobo (Vaults:4)
  Margery (Vaults:5)
  Frederick (Vaults:5)
  4 Killer Klowns (Zot:5)
  Bai Suzhen (Crypt:1)
  Xtahua (Vaults:5)
  Saint Roka (Vaults:5)
  2 curse toes
  Vashnia (Snake:3)
  9 golden dragons
  the Enchantress (Depths:4)
  2 bone dragons
  Jory (Vaults:5)
  6 electric golems
  The ghost of Biwanos the Warrior, an adept MiFi of Okawaru (Depths:3)
  A walking crystal tome (Depths:3)
  An iron giant (Zot:2)
  3 doom hounds
  A shard shrike zombie (Crypt:1)
  Zenata (Vaults:1)
  Jorgrun (Elf:1)
  23 tentacled monstrosities
  10 liches
  27 Orb Guardians
  2 deep elf blademasters (Elf:3)
  Mlioglotl (Snake:2)
  A walking earthen tome (Depths:2)
  Grunn (Zot:1)
  9 quicksilver dragons
  A walking frostbound tome (Depths:3)
  4 titans
  2 deep elf master archers (Elf:3)
  8 sphinxes
  10 death cobs
  An Executioner (Zot:2)
  9 tengu reavers
  Kirke (D:14)
  2 revenants (Crypt:1)
  5 ancient champions
  Frances (Swamp:1)
  12 shadow dragons
  16 storm dragons
  17 draconian monks
  2 fenstrider witches
  Donald (Snake:1)
  13 draconian knights
  4 frost giants
  5 nagarajas (Snake:4)
  8 fire giants
  6 draconian scorchers
  13 draconian shifters
  4 deep elf sorcerers
  3 draconian stormcallers
  An iron dragon (Depths:4)
  An emperor scorpion (D:15)
  A deep elf elementalist (Elf:3)
  17 vault wardens
  A curse skull (Crypt:2)
  7 ghost moths
  4 spriggan defenders
  A demonspawn corrupter (D:1)
  9 ghouls (Crypt:3)
  2 orc warlords
  3 draconian annihilators
  12 ironbound preservers
  2 reapers (Crypt:3)
  2 war gargoyles (Zot:2)
  14 very ugly things
  17 black draconians
  8 ironbound thunderhulks
  11 green draconians
  8 stone giants
  10 vampire knights
  Azrael (Orc:2)
  7 deep elf demonologists
  8 eleionomae
  24 white draconians
  8 bunyips
  14 yellow draconians
  6 spark wasps
  12 purple draconians
  25 red draconians
  9 dire elephants
  7 deep elf annihilators
  10 deep elf death magi
  10 ettins
  A mummy priest (Crypt:1)
  13 jiangshi
  A shambling mangrove (Swamp:2)
  4 eidola
  2 deep elf high priests (Elf:3)
  Josephine (D:11)
  3 entropy weavers
  17 fire dragons
  15 yaktaur captains
  8 ice dragons
  31 vault guards
  A spriggan zombie (Crypt:1)
  A fenstrider witch zombie (Crypt:1)
  The ghost of HHeCNeOSiFe the Fighter, a journeyman VSBe of Trog (D:12)
  3 rakshasas
  A quicksilver dragon skeleton (Crypt:3)
  3 salamander tyrants (Snake:4)
  A caustic shrike simulacrum (Crypt:2)
  A ghost crab (Swamp:3)
  26 hydras
  7 spriggan air magi
  3 spriggan skeletons
  6 anacondas
  A catoblepas (Lair:5)
  3 alligators
  16 centaur warriors
  3 death knights
  10 two-headed ogres
  5 ogre magi
  17 dancing weapons
  Erica (D:9)
  10 tengu warriors
  12 ironbound frosthearts
  7 deep troll shamans
  6 boulder beetles
  13 naga warriors
  14 naga sharpshooters
  A demonic crawler (Abyss:1)
  5 orc high priests
  7 vampire magi
  6 shock serpents
  7 deep troll earth magi
  4 spriggan berserkers
  22 hell knights
  5 soul eaters
  14 spriggans
  11 deep elf knights
  3 large abominations
  21 skeletal warriors
  2 salamander mystics (Snake:3)
  3 shadow wraiths
  The ghost of Barthur98 the Grappler, a novice DrSh (D:6)
  A bunyip zombie (Crypt:1)
  A titan skeleton (Crypt:3)
  2 fire crabs (Swamp:4)
  6 iron trolls
  4 goliath frogs
  47 deep trolls
  8 flayed ghosts
  A spriggan simulacrum (Crypt:2)
  3 spriggan druids
  11 swamp dragons
  23 ironbound convokers
  5 naga ritualists
  15 deep elf archers
  3 shadow demons
  3 bog bodies (Crypt:3)
  A steelbarb worm (D:11)
  7 phantasmal warriors
  2 tengu zombies
  8 harpies
  A bunyip skeleton (Crypt:1)
  17 deep elf zephyrmancers
  15 necromancers
  18 orc knights
  16 lindwurms
  6 wizards
  2 iron giant skeletons (Crypt:3)
  19 deep elf pyromancers
  3 will-o-the-wisps
  2 human zombies (Vaults:3)
  A golden dragon skeleton (Crypt:2)
  A draconian zombie (Crypt:2)
  27 ugly things
  3 mana vipers
  7 manticores
  7 orc sorcerers
  A shadow dragon skeleton (Crypt:1)
  A spectral alligator snapping turtle (Crypt:1)
  22 elephants
  A fire giant skeleton (Depths:1)
  6 salamanders
  24 black mambas
  22 moths of wrath
  2 stone giant skeletons (Crypt:3)
  7 cyclopes
  5 guardian serpents
  A dire elephant zombie (Crypt:2)
  2 centaur zombies
  A torpor snail (Lair:5)
  A human skeleton (Vaults:3)
  10 naga magi
  21 vault sentinels
  2 gargoyles
  A centaur skeleton (Crypt:2)
  A kobold demonologist (Depths:4)
  A naga skeleton (Crypt:1)
  A yaktaur zombie (Vaults:4)
  2 unseen horrors
  8 rime drakes
  29 yaktaurs
  11 cane toads
  The ghost of Kurtz the Chopper, a novice OpFi of Okawaru (D:6)
  A freezing wraith (Crypt:1)
  7 tengu conjurers
  12 komodo dragons
  5 guardian mummies (Crypt:3)
  A tormentor (Depths:2)
  An ancient zyme (Abyss:1)
  An efreet (Zot:3)
  A dire elephant skeleton (Crypt:3)
  A black draconian skeleton (Crypt:3)
  3 hellwings
  A death yak skeleton (Crypt:2)
  A queen bee (D:14)
  2 red draconian skeletons
  2 harpy zombies (Crypt:1)
  12 hornets
  A merfolk (D:14)
  A tengu simulacrum (Vaults:4)
  10 trolls
  6 meliai
  4 raiju (Abyss:1)
  2 bloated husks
  8 tyrant leeches
  3 polar bears
  A tarantella (Vaults:2)
  A guardian serpent zombie (Crypt:1)
  11 dream sheep
  2 harpy skeletons (Crypt:3)
  12 blink frogs
  A black mamba zombie (Crypt:1)
  2 flying skulls (Crypt:3)
  3 slime creatures
  2 vampires
  2 air elementals
  5 water elementals
  4 wraiths
  58 yaks
  4 wyverns
  6 shadows
  A basilisk (shapeshifter) (D:11)
  Eustachio (D:5)
  8 basilisks
  19 fire elementals
  3 fire bats
  3 human simulacra
  A chaos spawn (D:4)
  2 hogs (D:14)
  16 vampire mosquitoes
  A skyshark zombie (Crypt:3)
  4 steam dragons
  6 wargs
  2 naga zombies
  A harpy simulacrum (Crypt:3)
  25 nagas
  16 swamp worms
  2 acid dragons
  A merfolk skeleton (Crypt:3)
  11 water moccasins
  4 hell hounds (Orc:2)
  12 swamp drakes
  24 orc warriors
  4 ice beasts
  6 ogres
  2 black bears
  9 wolves
  2 boggarts (Depths:3)
  7 centaurs
  A phantom (D:4)
  Blork the orc (D:5)
  4 gnoll sergeants
  5 kobold brigands
  3 bullfrogs
  A necrophage (D:14)
  A water moccasin zombie (Crypt:2)
  An earth elemental (Elf:1)
  4 scorpions
  9 wights
  A raiju zombie (Crypt:1)
  37 killer bees
  3 howler monkeys (D:11)
  4 electric eels (D:9)
  A troll skeleton (Crypt:2)
  A wolf zombie (Crypt:1)
  2 crimson imps
  A hound (D:6)
  6 jellies
  2 sleepcaps
  16 orc priests
  2 gnoll boudas
  2 iron imps (Abyss:1)
  9 iguanas
  22 orc wizards
  An ice beast zombie (Crypt:2)
  An ogre skeleton (Crypt:1)
  An acid dragon skeleton (Crypt:1)
  8 mummies
  28 gnolls
  A steam dragon zombie (Crypt:2)
  3 adders
  A river rat (D:3)
  A shadow imp (D:6)
  A white imp (D:8)
  2 ufetubi
  A worm (D:2)
  2 dart slugs (D:1)
  80 orcs
  4 ball pythons (D:1)
  3 endoplasms
  4 giant cockroaches (D:2)
  6 hobgoblins
  4 jackals
  24 kobolds
  3 quokkas
  4 bats (D:1)
  3 frilled lizards
  A frilled lizard skeleton (Crypt:2)
  A frilled lizard zombie (Crypt:3)
  A giant cockroach zombie (Crypt:3)
  8 goblins
  A kobold skeleton (Crypt:3)
  3 rats (D:2)
  12 butterflies (Vaults:1)
2157 creatures vanquished.

Vanquished Creatures (collateral kills)
  A red devil (Depths:2)
  A meliai (D:14)
  A chaos spawn (Depths:2)
  A scorpion (D:4)
  A killer bee (D:14)
  A howler monkey (D:4)
  An orc priest (D:4)
  An orc wizard (D:4)
  A gnoll (D:4)
  A worm (D:4)
  3 orcs (D:4)
  A ball python (D:4)
  An endoplasm (D:4)
  A hobgoblin (D:4)
  A quokka (D:4)
17 creatures vanquished.

Vanquished Creatures (others)
  A golden dragon (Vaults:5)
  A sphinx (Vaults:3)
  A vault warden (Vaults:4)
  A formless jellyfish (Vaults:4)
  A quicksilver ooze (shapeshifter) (Vaults:5)
  The ghost of arthad the Ogre Mage, a journeyman OgAE of Vehumet (D:13)
  A very ugly thing (Vaults:5)
  6 great orbs of eyes
  A vault guard (Vaults:1)
  A two-headed ogre (Vaults:5)
  A boulder beetle (Vaults:1)
  A glowing orange brain (Vaults:1)
  A death drake (shapeshifter) (Depths:2)
  An ironbound convoker (Vaults:3)
  2 harpies (Vaults:4)
  A steelbarb worm (shapeshifter) (Vaults:5)
  A deep troll (Vaults:1)
  2 lindwurms (Vaults:4)
  An orc knight (Vaults:4)
  An ugly thing (D:12)
  A deep elf pyromancer (Elf:1)
  A mana viper (shapeshifter) (Vaults:5)
  A cyclops (Lair:5)
  An orc sorcerer (D:15)
  An elephant (Lair:5)
  A torpor snail (shapeshifter) (Depths:4)
  A rime drake (shapeshifter) (Vaults:5)
  A freezing wraith (D:14)
  3 bloated husks
  A tarantella (shapeshifter) (Vaults:5)
  18 slime creatures
  2 slime creatures (shapeshifter)
  3 wraiths (D:11)
  2 steam dragons (Swamp:4)
  A floating eye (Depths:2)
  2 wargs
  A floating eye (shapeshifter) (Vaults:5)
  2 orc warriors (Vaults:5)
  An ogre (Vaults:5)
  4 centaurs (D:12)
  An electric eel (D:9)
  190 jellies
  An orc priest (Orc:2)
  4 orc wizards
  A jelly zombie (Crypt:1)
  A worm (D:2)
  13 orcs
  A bat (D:3)
  A kobold (D:2)
  A frilled lizard (D:2)
  3 butterflies (Vaults:1)
  8 foxfires
300 creatures vanquished.

Grand Total: 2474 creatures vanquished

Table legend: (Time is in decaauts)
 A = Elapsed time spent in this place.
 B = Non-inter-level travel time spent in this place.
 C = Inter-level travel time spent in this place.
 D = Time resting spent in this place.
 E = Time spent auto-exploring this place.
 F = Levels seen in this place.
 G = Mean time per level.
                   A        B        C        D        E       F      G
               +--------+--------+--------+--------+--------+-----+--------+
         Total |  50212 |  45020 |   5192 |   4074 |  30950 |  58 |  865.7 |
       Dungeon |  15559 |  13549 |   2010 |   1015 |  10172 |  15 | 1037.3 |
        Temple |     11 |      5 |      6 |      0 |      0 |   1 |   11.0 |
          Lair |   5253 |   4511 |    742 |    351 |   3265 |   5 | 1050.6 |
         Swamp |   1852 |   1763 |     89 |     57 |   1279 |   4 |  463.0 |
     Snake Pit |   3881 |   3469 |    412 |    133 |   2751 |   4 |  970.2 |
    Slime Pits |    331 |    263 |     68 |      0 |    199 |   5 |   66.2 |
  Orcish Mines |   1234 |   1088 |    146 |     14 |    766 |   2 |  617.0 |
   Elven Halls |   2784 |   2504 |    280 |    240 |   1635 |   3 |  928.0 |
        Vaults |   6841 |   6097 |    744 |    954 |   3683 |   5 | 1368.2 |
         Crypt |   3131 |   2946 |    185 |    422 |   1779 |   3 | 1043.7 |
        Depths |   4193 |   3999 |    194 |    356 |   2765 |   4 | 1048.2 |
           Zot |   4716 |   4404 |    312 |    440 |   2655 |   5 |  943.2 |
         Abyss |    421 |    421 |      0 |     88 |      0 |   2 |  210.5 |
               +--------+--------+--------+--------+--------+-----+--------+

Top non-repeatable levels by time:
Vaults:4: 1825 daAuts
Depths:4: 1573 daAuts
Vaults:5: 1492 daAuts
Vaults:1: 1450 daAuts
    D:11: 1408 daAuts
     D:6: 1354 daAuts
     D:9: 1345 daAuts
Vaults:3: 1284 daAuts
  Lair:1: 1258 daAuts
   Elf:3: 1238 daAuts
 Snake:1: 1230 daAuts
 Crypt:1: 1212 daAuts
  Lair:5: 1211 daAuts
   Zot:3: 1208 daAuts
 Snake:4: 1176 daAuts

Table legend:
 A = Non-vault XP
 B = Vault XP
 C = Vault XP percentage of total XP
 D = Non-vault monster count
 E = Vault monster count
 F = Vault count percentage of total count
                 A         B        C        D         E       F
            +---------+---------+-------+---------+---------+-------
      Total |  789637 |  650934 |  45.2 |    1413 |     742 |  34.4
            +---------+---------+-------+---------+---------+-------
        D:1 |      27 |       6 |  18.2 |      15 |       4 |  21.1
        D:2 |      58 |       0 |   0.0 |      25 |       0 |   0.0
        D:3 |      50 |      50 |  50.0 |      12 |       1 |   7.7
        D:4 |     570 |      70 |  10.9 |      24 |       3 |  11.1
        D:5 |     652 |     292 |  30.9 |      15 |       2 |  11.8
        D:6 |    1025 |    1126 |  52.3 |      30 |       2 |   6.2
        D:7 |     768 |       0 |   0.0 |      18 |       0 |   0.0
        D:8 |     828 |       0 |   0.0 |      24 |       0 |   0.0
        D:9 |    2264 |    1392 |  38.1 |      42 |      18 |  30.0
       D:10 |    1298 |       0 |   0.0 |      18 |       0 |   0.0
       D:11 |    2687 |    8027 |  74.9 |      13 |      20 |  60.6
       D:12 |    4344 |    6740 |  60.8 |      12 |       8 |  40.0
       D:13 |    5021 |       0 |   0.0 |      12 |       0 |   0.0
       D:14 |    6841 |    9292 |  57.6 |      14 |      40 |  74.1
       D:15 |    9468 |    5759 |  37.8 |      19 |       8 |  29.6
     Lair:1 |    6833 |     740 |   9.8 |      34 |       2 |   5.6
     Lair:2 |    5840 |    1032 |  15.0 |      18 |       1 |   5.3
     Lair:3 |    5465 |       0 |   0.0 |      22 |       0 |   0.0
     Lair:4 |   12006 |       0 |   0.0 |      39 |       0 |   0.0
     Lair:5 |   18280 |   12400 |  40.4 |      49 |      35 |  41.7
    Swamp:1 |   10467 |    1175 |  10.1 |      22 |       1 |   4.3
    Swamp:2 |   15180 |       0 |   0.0 |      30 |       0 |   0.0
    Swamp:3 |   16389 |    4345 |  21.0 |      30 |       5 |  14.3
    Swamp:4 |   13380 |   12423 |  48.1 |      23 |      28 |  54.9
    Snake:1 |   10276 |    1327 |  11.4 |      18 |       1 |   5.3
    Snake:2 |   11901 |    1727 |  12.7 |      23 |       1 |   4.2
    Snake:3 |    5862 |    7546 |  56.3 |      11 |       8 |  42.1
    Snake:4 |   16136 |   19693 |  55.0 |      33 |      26 |  44.1
      Orc:1 |    2515 |       0 |   0.0 |      31 |       0 |   0.0
      Orc:2 |    1376 |   16526 |  92.3 |      19 |      49 |  72.1
      Elf:1 |   15815 |   12464 |  44.1 |      29 |      16 |  35.6
      Elf:2 |   16245 |    1649 |   9.2 |      30 |       2 |   6.2
      Elf:3 |   12391 |   27841 |  69.2 |      20 |      25 |  55.6
   Vaults:1 |   22247 |   25397 |  53.3 |      31 |      34 |  52.3
   Vaults:2 |   18552 |    8375 |  31.1 |      26 |      14 |  35.0
   Vaults:3 |   25752 |    9761 |  27.5 |      42 |       9 |  17.6
   Vaults:4 |   38779 |   55136 |  58.7 |      57 |      57 |  50.0
   Vaults:5 |   19279 |   80299 |  80.6 |      22 |      71 |  76.3
    Crypt:1 |   11692 |   32171 |  73.3 |      20 |      29 |  59.2
    Crypt:2 |   18652 |    6715 |  26.5 |      30 |       2 |   6.2
    Crypt:3 |   43306 |   28028 |  39.3 |      61 |      28 |  31.5
   Depths:1 |   41253 |       0 |   0.0 |      48 |       0 |   0.0
   Depths:2 |   26495 |   21605 |  44.9 |      34 |      23 |  40.4
   Depths:3 |   19637 |   28738 |  59.4 |      27 |      28 |  50.9
   Depths:4 |   42949 |   38984 |  47.6 |      47 |      33 |  41.2
      Zot:1 |   49242 |    3724 |   7.0 |      42 |       2 |   4.5
      Zot:2 |   21800 |   39146 |  64.2 |      18 |      32 |  64.0
      Zot:3 |   52463 |   19758 |  27.4 |      41 |      30 |  42.3
      Zot:4 |   48756 |    4558 |   8.5 |      39 |       3 |   7.1
      Zot:5 |   51205 |   94897 |  65.0 |      42 |      41 |  49.4
    Abyss:1 |    3215 |       0 |   0.0 |      10 |       0 |   0.0
    Abyss:3 |    2105 |       0 |   0.0 |       2 |       0 |   0.0
            +---------+---------+-------+---------+---------+-------
